Workbook

Sheet Kapitalwert+Annuität
A1: Neues Obst-AFS, Rieckens Eichhof
A3: Hinweise: | B3: 1. Die primären Ziele dieses Agroforstsystems sind (1) Obstanbau zum Verkauf, (2) Verlängerung der Weidezeit und Förderung des Tierwohls, (3) Agroforstbildung ausbauen
B4: 2. Betriebswirtschaftlich relevante Ökosystemleistungen wie Windschutz, Schatten und mehr Tierwohl bleiben in der Kapitalwertrechnung unberücksichtigt.
B5: 3. Die Infrastruktur für Lagerung & Kühlung ist vorhanden.
B6: 4. Kosten und Erlöse aus der Verarbeitung, z.B. das Mosten, werden in der Berechnung nicht berücksichtigt. D.h., im Vergleich zum jetzigen Ansatz sind zusätzliche Erlöse durch eine größere Gewinnspanne möglich.
E10: Zinssatz: | F10: =4% -> 0.04
E11: Betrachtungszeitraum: | F11: 25
I12: Erläuterungen:
B13: Jahr | C13: Einzahlungen (Erlöse) | D13: Auszahlungen (Investitionen) | E13: Netto-Cashflow (Einzahlung minus Auszahlung) | F13: Abzinsfaktor | G13: Barwert (heutiger Wert einer zukünftigen Zahlung) | I13: Bei dieser Berechnung wird ausschließlich der Baumstreifen betrachtet - nicht das gesamte Agroforstsystem. Er wird mithilfe der Kapitalwertmethode als Investition bewertet. Diese Methode prüft, ob sich eine langfristige Investition wirtschaftlich lohnt. Dazu werden alle künftig erwarteten Ein- und Auszahlungen, z.B. Pflegekosten, auf ihren heutigen Wert umgerechnet. Grundidee: Ein Euro heute ist mehr wert als ein Euro in der Zukunft, da verfügbares Geld alternativ angelegt und verzinst werden kann. Künftige Ein- und Auszahlungen werden deshalb mit einem Zinssatz auf den heutigen Zeitpunkt abgezinst. Sollen mehrere langfristige Investitionsmöglichkeiten – etwa verschiedene Gehölzarten im Baumstreifen oder eine alternative Geldanlage wie ein Festgeldkonto – verglichen werden, wird in der Regel die Option mit dem höchsten positiven Kapitalwert bevorzugt. Ökosystemleistungen werden in dieser Berechnung in der Regel nicht monetär berücksichtigt.
B14: 0 | C14: ='Obst-AFS'!F57 -> 0 | D14: ='Obst-AFS'!E57 -> 5892.6435 | E14: =C14-D14 -> -5892.6435 | F14: =1/(1+$F$10)^B14 -> 1 | G14: =E14*F14 -> -5892.6435
B15: 1 | C15: ='Obst-AFS'!F73 -> 0 | D15: ='Obst-AFS'!E73 -> 1861.6578 | E15: =C15-D15 -> -1861.6578 | F15: =1/(1+$F$10)^B15 -> 0.96153846 | G15: =E15*F15 -> -1790.0556
B16: 2 | C16: ='Obst-AFS'!F80 -> 0 | D16: ='Obst-AFS'!E80 -> 767.295 | E16: =C16-D16 -> -767.295 | F16: =1/(1+$F$10)^B16 -> 0.92455621 | G16: =E16*F16 -> -709.40736
B17: 3 | C17: ='Obst-AFS'!F92 -> 576.95986 | D17: ='Obst-AFS'!E92 -> 1263.2726 | E17: =C17-D17 -> -686.31272 | F17: =1/(1+$F$10)^B17 -> 0.88899636 | G17: =E17*F17 -> -610.12951
B18: 4 | C18: ='Obst-AFS'!F98 -> 594.26865 | D18: ='Obst-AFS'!E98 -> 1549.7863 | E18: =C18-D18 -> -955.51767 | F18: =1/(1+$F$10)^B18 -> 0.85480419 | G18: =E18*F18 -> -816.7805
B19: 5 | C19: ='Obst-AFS'!F109 -> 1998.3798 | D19: ='Obst-AFS'!E109 -> 2639.7255 | E19: =C19-D19 -> -641.34562 | F19: =1/(1+$F$10)^B19 -> 0.82192711 | G19: =E19*F19 -> -527.13935
B20: 6 | C20: ='Obst-AFS'!F120 -> 2058.3312 | D20: ='Obst-AFS'!E120 -> 2042.576 | E20: =C20-D20 -> 15.755268 | F20: =1/(1+$F$10)^B20 -> 0.79031453 | G20: =E20*F20 -> 12.451617
B21: 7 | C21: ='Obst-AFS'!F130 -> 3143.9266 | D21: ='Obst-AFS'!E130 -> 2068.1673 | E21: =C21-D21 -> 1075.7593 | F21: =1/(1+$F$10)^B21 -> 0.75991781 | G21: =E21*F21 -> 817.48864
B22: 8 | C22: ='Obst-AFS'!F140 -> 3238.2444 | D22: ='Obst-AFS'!E140 -> 2109.5306 | E22: =C22-D22 -> 1128.7137 | F22: =1/(1+$F$10)^B22 -> 0.73069021 | G22: =E22*F22 -> 824.74007 | I22: Der Abzinsfaktor rechnet eine zukünftige Zahlung auf ihren heutigen Wert, den Barwert, zurück. Er berücksichtigt, dass ein Euro heute mehr wert ist als ein Euro in der Zukunft, da er bis dahin verzinst angelegt werden könnte.
B23: 9 | C23: ='Obst-AFS'!F150 -> 3335.3917 | D23: ='Obst-AFS'!E150 -> 2205.6039 | E23: =C23-D23 -> 1129.7878 | F23: =1/(1+$F$10)^B23 -> 0.70258674 | G23: =E23*F23 -> 793.7739
B24: 10 | C24: ='Obst-AFS'!F160 -> 3435.4534 | D24: ='Obst-AFS'!E160 -> 2194.7557 | E24: =C24-D24 -> 1240.6978 | F24: =1/(1+$F$10)^B24 -> 0.67556417 | G24: =E24*F24 -> 838.17096
B25: 11 | C25: ='Obst-AFS'!F172 -> 6090.3245 | D25: ='Obst-AFS'!E172 -> 4396.4664 | E25: =C25-D25 -> 1693.8581 | F25: =1/(1+$F$10)^B25 -> 0.64958093 | G25: =E25*F25 -> 1100.2979
B26: 12 | C26: ='Obst-AFS'!F183 -> 6273.0342 | D26: ='Obst-AFS'!E183 -> 2830.5442 | E26: =C26-D26 -> 3442.49 | F26: =1/(1+$F$10)^B26 -> 0.62459705 | G26: =E26*F26 -> 2150.1691 | I26: Ein positiver Kapitalwert bedeutet, dass die geforderte Rendite von 4 % überstiegen wird. Ein Kapitalwert von null bedeutet, dass dieser Schwellenwert exakt erreicht wird.
B27: 13 | C27: ='Obst-AFS'!F194 -> 6461.2253 | D27: ='Obst-AFS'!E194 -> 2886.9426 | E27: =C27-D27 -> 3574.2826 | F27: =1/(1+$F$10)^B27 -> 0.60057409 | G27: =E27*F27 -> 2146.6215
B28: 14 | C28: ='Obst-AFS'!F205 -> 6655.062 | D28: ='Obst-AFS'!E205 -> 2944.469 | E28: =C28-D28 -> 3710.593 | F28: =1/(1+$F$10)^B28 -> 0.57747508 | G28: =E28*F28 -> 2142.775
B29: 15 | C29: ='Obst-AFS'!F216 -> 6854.7139 | D29: ='Obst-AFS'!E216 -> 3003.1459 | E29: =C29-D29 -> 3851.568 | F29: =1/(1+$F$10)^B29 -> 0.5552645 | G29: =E29*F29 -> 2138.639
B30: 16 | C30: ='Obst-AFS'!F227 -> 7060.3553 | D30: ='Obst-AFS'!E227 -> 2736.7881 | E30: =C30-D30 -> 4323.5672 | F30: =1/(1+$F$10)^B30 -> 0.53390818 | G30: =E30*F30 -> 2308.3879 | I30: Die Annuität wandelt den auf 25 Jahre berechneten Kapitalwert in einen gleichbleibenden Jahresbetrag für denselben Zeitraum um. Sie ist besonders hilfreich, wenn sich Gehölze und Zahlungszeitpunkte stark unterscheiden.
B31: 17 | C31: ='Obst-AFS'!F238 -> 7272.166 | D31: ='Obst-AFS'!E238 -> 2791.3113 | E31: =C31-D31 -> 4480.8546 | F31: =1/(1+$F$10)^B31 -> 0.51337325 | G31: =E31*F31 -> 2300.3509
B32: 18 | C32: ='Obst-AFS'!F249 -> 7490.3309 | D32: ='Obst-AFS'!E249 -> 2846.9251 | E32: =C32-D32 -> 4643.4059 | F32: =1/(1+$F$10)^B32 -> 0.49362812 | G32: =E32*F32 -> 2292.1157
B33: 19 | C33: ='Obst-AFS'!F260 -> 7715.0409 | D33: ='Obst-AFS'!E260 -> 2903.6511 | E33: =C33-D33 -> 4811.3898 | F33: =1/(1+$F$10)^B33 -> 0.47464242 | G33: =E33*F33 -> 2283.6897
B34: 20 | C34: ='Obst-AFS'!F271 -> 7946.4921 | D34: ='Obst-AFS'!E271 -> 2961.5116 | E34: =C34-D34 -> 4984.9805 | F34: =1/(1+$F$10)^B34 -> 0.45638695 | G34: =E34*F34 -> 2275.08
B35: 21 | C35: ='Obst-AFS'!F283 -> 20477.118 | D35: ='Obst-AFS'!E283 -> 13906.383 | E35: =C35-D35 -> 6570.7351 | F35: =1/(1+$F$10)^B35 -> 0.4388336 | G35: =E35*F35 -> 2883.4594
B36: 22 | C36: ='Obst-AFS'!F294 -> 21091.432 | D36: ='Obst-AFS'!E294 -> 3257.4135 | E36: =C36-D36 -> 17834.018 | F36: =1/(1+$F$10)^B36 -> 0.42195539 | G36: =E36*F36 -> 7525.16
B37: 23 | C37: ='Obst-AFS'!F305 -> 21724.175 | D37: ='Obst-AFS'!E305 -> 3322.3618 | E37: =C37-D37 -> 18401.813 | F37: =1/(1+$F$10)^B37 -> 0.40572633 | G37: =E37*F37 -> 7466.1
B38: 24 | C38: ='Obst-AFS'!F316 -> 22375.9 | D38: ='Obst-AFS'!E316 -> 3388.6092 | E38: =C38-D38 -> 18987.291 | F38: =1/(1+$F$10)^B38 -> 0.39012147 | G38: =E38*F38 -> 7407.3498
B39: 25 | C39: ='Obst-AFS'!F327 -> 23047.177 | D39: ='Obst-AFS'!E327 -> 3456.1815 | E39: =C39-D39 -> 19590.995 | F39: =1/(1+$F$10)^B39 -> 0.3751168 | G39: =E39*F39 -> 7348.9115
B40: Summe | C40: =SUM(C14:C39) -> 196915.5 | D40: =SUM(D14:D39) -> 82227.718 | E40: =SUM(E14:E39) -> 114687.78 | F40: Kapitalwert: | G40: =SUM(G14:G39) -> 46709.577
F41: Annuität: | G41: =PMT($F$10,$F$11,-SUM(G14:G39)) -> 2989.9717

Sheet Obst-AFS
E1: Modell- und Demonstrationsvorhaben für die Planung und Etablierung von Agroforstsystemen in Schleswig-Holstein
E2: Arbeitszeitaufwand und Direktkosten: AFS mit Obst (3 Streifen, insg. 574 m Länge), Rieckens Eichhof
B4: Arbeitsschritt wurde ausgeführt & erfasst | G4: Planung
B5: Arbeitsschritt geplant oder noch nicht erfasst | G5: Pflanzung
G6: Pflege
B7: Fachkraft - kalkulatorischer Lohnansatz in €: | D7: 22 | E7: Annahme: jährlicher Anstieg der Lohnkosten um 2% | G7: Ernte
B8: Hilfskraft - kalkulatorischer Lohnansatz in €: | D8: 13.9
J9: Arbeitskräfte & Arbeitszeit | Q9: Betriebsmittel
A10: Jahr | B10: Lohnkosten (kalkulatorischer Lohnansatz: € 22) | C10: Lohnkosten (kalkulatorischer Lohnansatz: € 13,9) | D10: Direktkosten | E10: Summe Auszahlungen | F10: Summe Einzahlungen | G10: Tätigkeit | H10: Beschreibung der Tätigkeit | I10: Datum | J10: Arbeitszeit in min inklusive Rüst- und Wegezeiten; Wegezeit: 5 min pro Weg | K10: Anzahl der beteiligten Fachkräfte | L10: Anzahl der beteiligten Hilfskräfte | M10: Arbeitsstunden Fachkräfte (Anzahl Arbeitskräfte * Arbeitszeit) | N10: Arbeitsstunden Hilfskräfte (Anzahl Arbeitskräfte * Arbeitszeit) | O10: Anmerkungen (z.B. unterschiedliche Arbeitszeiten/ Qualifikationen) | P10: Eingesetzte Maschinen, Geräte (Name, Typ, Größe und Funktion) | Q10: Betriebsmittel (z.B. Pflanzgut, Wuchshüllen, Wasser, Mulch, Dünger,...) | R10: Anzahl | S10: Netto-Preise | T10: Anmerkungen | U10: Quellen | V10: Erlöse
A11: 0 | G11: Planungsgespräch | H11: Fortschreiten der Planung. Neue Erkenntnisse der Standortanalyse besprechen. | I11: 45667 | J11: 20 | K11: 2 | M11: =J11*K11/60 -> 0.66666667 | N11: =J11*L11/60 -> 0 | P11: PC (Web-Meeting) | T11: Die Standortanalyse wurde für die drei neuen Agroforstsysteme gleichzeitig besprochen (jeweils ein Drittel der Gesamtzeit). Standortanalyse: dafür wurden Bodenproben auf 30-40 cm Tiefe an ca. 6 unterschiedlichen Orten auf der Koppel entnommen. Ziel: Gesamtüberblick über die Koppel - unterer Teil der Wiese (für die Obstgehölze), Hanglage (für das Futterlaub), windexponierte Hanglage (für die Windschutzhecke) & windgeschützte Hanglage als Vergleich. // Der Aufwand für die Bodenproben wurde nicht berücksichtigt, da laut Beraterteam kein "Muss". | U11: Eichhof, Beraterteam
A12: 0 | G12: Planungsgespräch | H12: Planungsziele schärfen: neue Ideen besprechen, Artenauswahl prüfen/ Liste der Gehölze durchgehen auf Eignung; eher kleinwüchsige Gehölze auswählen, um "dichte Wand" / Windbruch zu vermeiden; Anordnung der Gehölze besprechen | I12: 45685 | J12: 60 | K12: 2 | M12: =J12*K12/60 -> 2 | N12: =J12*L12/60 -> 0 | P12: PC (Web-Meeting) | T12: Die zeitliche Planung wurde ebenfalls besprochen: Herbstpflanzung geplant mit Spiel für schlechtes Wetter --> dann wurde im Winter gepflanzt | U12: Eichhof, Beraterteam
A13: 0 | G13: Planungsgespräch | H13: Festlegen der Pflanzabstände, der Breite der Gehölzstreifen, der Baumauswahl. Überlegungen zum Baumschutz und der Optimierung des Eigenbaus. Außerdem Besprechen der Standortanalyse und Abgleich mit der geplanten Baumauswahl. | I13: 45853 | J13: 60 | K13: 2 | M13: =J13*K13/60 -> 2 | N13: =J13*L13/60 -> 0 | P13: Planungsskizzen | U13: Eichhof, Beraterteam
A14: 0 | G14: Auswahl der Pflanzen | H14: Auswahl der Pflanzen. Recherchen und Telefonate mit Baumschulen. | I14: 45950 | J14: 60 | K14: 1 | M14: =J14*K14/60 -> 1 | N14: =J14*L14/60 -> 0 | O14: 50 min + 10 min Rücksprache mit einer weiteren Fachkraft am Eichhof | P14: PC, Telefon | T14: Im Vergleich zu Futterlaub und Windschutz waren die Pflanzgutrecherchen für Obst am aufwändigsten | U14: Eichhof
A15: 0 | G15: Auswahl und Bestellung der Pflanzen | H15: Abschliessende Baumschulrecherche und Auswahl der Pflanzen. Bestellvorgang. | I15: 45950 | J15: 50 | K15: 1 | M15: =J15*K15/60 -> 0.83333333 | N15: =J15*L15/60 -> 0 | P15: PC, Telefon | Q15: Pflanzgut: Obstbäume, Holunder, Haselnüsse | T15: Bestellung: Obstbäume, Holunder, Haselnüsse | U15: Eichhof
A16: 0 | G16: Bestellung (Kosten) | M16: =J16*K16/60 -> 0 | N16: =J16*L16/60 -> 0 | Q16: Obstbäume | R16: 42 | S16: =12*22+30*41.12 -> 1497.6 | T16: Hochstämme: 3-4 jährig, Stammumfang 6-8 cm, 41,12€/Stück. Sämlinge: 1jährig, 22€/Stück. 4 Äpfelbäume aus eigener Feldveredelung. | U16: Eichhof
A17: 0 | G17: Bestellung (Kosten) | M17: =J17*K17/60 -> 0 | N17: =J17*L17/60 -> 0 | Q17: Haselnüsse (Stämmchen und Sträucher) | R17: 36 | S17: =26*36.45+10*18.6 -> 1133.7 | T17: Haselnuss-Stämmchen, veredelt auf 60 cm Höhe, 36,45€/Stück. Haselnusssträucher, Höhe 100-150 cm, 18,60€/Stück. // Für das Ausfallrisiko wurden 4 Sträucher mehr gekauft, um ggf. nachpflanzen zu können. | U17: Eichhof
A18: 0 | G18: Bestellung (Kosten) | M18: =J18*K18/60 -> 0 | N18: =J18*L18/60 -> 0 | Q18: Rabatt (Obstbäume, Hasel) | S18: -236.73 | T18: Keine zusätzlichen Versandkosten (Obstbäume, Hasel) // Wurde vom Eichhof abgeholt, weil jmd. In der Nähe unterwegs war. | U18: Eichhof
A19: 0 | G19: Bestellung (Kosten) | M19: =J19*K19/60 -> 0 | N19: =J19*L19/60 -> 0 | Q19: Schwarzer Holunder (Sambucus nigra) | R19: 40 | S19: =R19*2.05 -> 82 | T19: 2jährig, 30-50 cm, 2,05 €/Stück. Es wurde 1x 100 Stück bestellt für dieses und das Futterlaub-AFS. | U19: Eichhof
A20: 0 | G20: Bestellung (Kosten) | M20: =J20*K20/60 -> 0 | N20: =J20*L20/60 -> 0 | Q20: Versandkosten | R20: 2 | S20: =35+18.99 -> 53.99 | T20: Versand von 2 Baumschulen, anteilige Kosten | U20: Eichhof
A21: 0 | G21: Baumschutz finalisieren | H21: Auswahl an Baumschutz getroffen: Für Demonstration Treedefener - Weiterentwicklung normanische Korsette; Cactus Protector und Eigenbau aus Bestand. Bestellung nach Gespräch per Email. | I21: 45945 | J21: 40 | K21: 1 | M21: =J21*K21/60 -> 0.66666667 | N21: =J21*L21/60 -> 0 | P21: Computer | U21: Eichhof
A22: 0 | G22: Bestellung Baumschutze und Telefonate mit Lieferanten | H22: Recherche und Bestelllung des Baumschutzes: Pfosten und Pfähle | I22: 45946 | J22: 15 | K22: 1 | M22: =J22*K22/60 -> 0.25 | N22: =J22*L22/60 -> 0 | P22: Computer | Q22: Baumschutz: Wühlmausgitter, Hasendraht, Anbindeband, Pfosten, Eichenpfähle | U22: Eichhof
A23: 0 | G23: Bestellung (Kosten) | M23: =J23*K23/60 -> 0 | N23: =J23*L23/60 -> 0 | Q23: Wühlmausgitter | R23: 46 | S23: =46*2.15 -> 98.9 | T23: Aus dem Bestand (1,5 Rollen verzinkter Draht für 46 Abschnitte; ca. 1m Abschnitte 1x1m und Maschenweite von 13 mm und einer Drahtstärke von ca. 0,7 mm. € 2,15/Stück. | U23: Eichhof
A24: 0 | G24: Bestellung (Kosten) | M24: =J24*K24/60 -> 0 | N24: =J24*L24/60 -> 0 | Q24: Hasendraht | R24: 46 | S24: =46*0.56 -> 25.76 | T24: Aus dem Bestand. Größe: 40 x 40 cm Maschendraht (1cmx1cm). € 0,56 /Stück. | U24: Eichhof
A25: 0 | G25: Bestellung (Kosten) | M25: =J25*K25/60 -> 0 | N25: =J25*L25/60 -> 0 | Q25: Anbindeband: Kokosfaser ca. 0,8 cm Stärke | R25: 46 | S25: =46*0.05 -> 2.3 | T25: Aus dem Bestand. Ca. 2m pro Baum verwendet. € 0,05/Stück. | U25: Eichhof
A26: 0 | G26: Bestellung (Kosten) | M26: =J26*K26/60 -> 0 | N26: =J26*L26/60 -> 0 | Q26: Pfosten Robinienpfahl | R26: 46 | S26: =46*16.49 -> 758.54 | T26: 12-14 cm + 350cm lang. Eigentlich hätte 8cm gereicht, war aber nicht lieferbar. Zweck: Anbindung Baum. € 16,49 / Stück | U26: Eichhof
A27: 0 | G27: Bestellung (Kosten) | M27: =J27*K27/60 -> 0 | N27: =J27*L27/60 -> 0 | Q27: Pfosten Eichenpfähle | R27: 46 | S27: =R27*4.4 -> 202.4 | T27: 180cm x 8-13 Rücken; Schutz gegen Kuhschubbern. Nur die Reihen 1 + 3 sind mit Einzelbaumschutz ausgestattet. Der 2. Streifen wurde flächig eingezäunt. € 4,40 / Stück | U27: Eichhof
A28: 0 | G28: Bestellung (Kosten) | M28: =J28*K28/60 -> 0 | N28: =J28*L28/60 -> 0 | Q28: Baumschutz "Eigenbau" | R28: 1 | S28: 12 | T28: Aus dem Bestand. Eigenbau ( 80cm Drahtgeflecht aus dem Bestand) + 1 Pfahl Robinie 350 cm + 2 Eichenspaltpfähle (180 cm Länge á 4,40 netto) | U28: Eichhof
A29: 0 | G29: Bestellung (Kosten) | M29: =J29*K29/60 -> 0 | N29: =J29*L29/60 -> 0 | Q29: Cactus Protector L (Baumschutz) | R29: 5 | S29: =R29*29.95 -> 149.75 | T29: Für Obstbäume. € 29,95 / Stück | U29: Eichhof
A30: 0 | G30: Bestellung (Kosten) | M30: =J30*K30/60 -> 0 | N30: =J30*L30/60 -> 0 | Q30: Normannisches Korsett (Baumschutz) | R30: 25 | S30: =R30*31 -> 775 | T30: Traditionelles Metallkorsett. € 31 / Stück. Wird nur für die Obstbäume verwendet. Ohne Erdnägel, stattdessen wurden Eichenpfähle gesetzt. Preis des Metallkorsetts. Eichenpfähle und Anbindepfähl sind extra. | U30: Eichhof
A31: 0 | G31: Bestellung (Kosten) | M31: =J31*K31/60 -> 0 | N31: =J31*L31/60 -> 0 | Q31: Baumschutz: Eichenpfähle | R31: 18 | S31: =R31*4.4 -> 79.2 | T31: Zaunpfähle für die 2. Reihe. Flächige Einzäunung. Größe: 180cm lang, Rückenbreite 7-12cm. € 4,40 / Stück. | U31: Eichhof
A32: 0 | G32: Anlage | H32: Aufstellen der Ansitzstangen für Raubvögel. Aufbau an bestehenden Pfosten der Anbindepfosten (Robinie) | I32: 46054 | J32: 90 | K32: 1 | M32: =J32*K32/60 -> 1.5 | N32: =J32*L32/60 -> 0 | P32: Teleskoplader Kramer, Schlangenbohrer | Q32: Maschinenkosten | R32: 35 €/h | S32: =1.5*35 -> 52.5 | T32: Langer Haselast aus dem Knick, deshalb keine weiteren Kosten. 6 Ansitzstangen mit 12 Schrauben und 12 Muttern. Robinienpfosten je 1 als Anbindepfahl pro großem Obstbaum (keine Ansitzstangen verwendet). | U32: Eichhof
A33: 0 | G33: Bodenbearbeitung | H33: Tiefenlockerung: Lockerung möglicher Verdichtungen für einen besseren Anwuchs der Pflanzen | I33: 45852 | J33: 20 | K33: 1 | M33: =J33*K33/60 -> 0.33333333 | N33: =J33*L33/60 -> 0 | O33: 10 min Rüstzeit | P33: Trecker (Fendt Vario), Bremer Parallellockerer | Q33: Maschinenkosten | R33: 27 €/h | S33: =M33*27 -> 9 | U33: Eichhof
A34: 0 | G34: Einmessen | H34: GPS-Einmessen und GIS Planung. Einarbeitung in die neue Messtechnik. Begründung: Das Vermessungsbüro hat einen Kostenvoranschläge von ca. 1.500€ für 20 Messpunkte gemacht. | I34: 45930 | J34: 120 | K34: 1 | M34: =J34*K34/60 -> 2 | N34: =J34*L34/60 -> 0 | O34: 5 min Rüstzeit | P34: GPS Messgerät, PC (GIS-Planung), Farbspray, | Q34: Maschinenkosten | T34: Für Obst wurden 46 Messpunkte eingemessen. Für Hasel und Holunder in der 2. Reihe mit einem Maßband gearbeitet. Pro Punkt ca. 2-3 min inkl. Weg. Es gab immer mal wieder technische Schwierigkeiten mit dem Empfang. | U34: Eichhof
A35: 0 | G35: Pflanzgut verladen | H35: Pflanzen wurden durch Nicole angeliefert und auf dem Hof verladen. Aufgrund niedriger Temperaturen wurden die Pflanzen in Heu eingeschlagen. | I35: 45977 | J35: 15 | K35: 2 | M35: =J35*K35/60 -> 0.5 | N35: =J35*L35/60 -> 0 | P35: Spaten | Q35: 1 Bund Heu | R35: 1 | S35: 3 | T35: Das Einschlagen in Heu war eine spontane Lösung, um die Pflanzen vor Kälte zu schützen. € 3/ Stück. | U35: Eichhof
A36: 0 | G36: Zwischenlager für Baumschulgehölze vorbereiten | H36: Einschlag vorbereiten: Graben ziehen auf ca. 20-30 cm. Dann Gehölze dort schräg einlegen und mit Erde füllen, damit sie wieder schnell entnommen werden können für die zeitverzögerte Pflanzung. | I36: 45978 | J36: 90 | K36: 1 | L36: 1 | M36: =J36*K36/60 -> 1.5 | N36: =J36*L36/60 -> 1.5 | O36: 5 min Rüstzeit | P36: Spaten | U36: Eichhof
A37: 0 | G37: Vorbereitung der Pflanzung | H37: Heraussuchen: Wühlmausgitter, Anbindeband, Baumschutz, Pfosten, Hasendrähte, benötigte Geräte (Schubkarren, Spaten, Gießkannen). Wühlmausgitter mit Akkuflex zuschneiden. Transport von Betriebsmitteln, z.T. im Viehwagen. | I37: 45978 | J37: 75 | K37: 1 | L37: 1 | M37: =J37*K37/60 -> 1.25 | N37: =J37*L37/60 -> 1.25 | P37: Kramer Teleskoplader (110 PS),Viehwagen, Akkuflex | Q37: Maschinenkosten | R37: 35 €/h | S37: =35*M37 -> 43.75 | U37: Eichhof
A38: 0 | G38: Koordination der Pflanzaktion | H38: Einladung zur Pflanzaktion. Anmeldungen zur Pflanzaktion koordinieren: Emails beantworten, telefonischer Kontakt. Versorgung klären und Essen bestellen | I38: 10.-19.11.2025 | J38: 80 | K38: 1 | M38: =J38*K38/60 -> 1.3333333 | N38: =J38*L38/60 -> 0 | P38: PC, Telefon | T38: Ausfall bei schlechtem Wetter nicht planbar. | U38: Eichhof
A39: 0 | G39: Pflanzpunkte einmessen | H39: Pflanzpunkte in der Reihe 2 einmessen und mit Robinienstäben und Farbspray markieren | I39: 45979 | J39: 75 | K39: 1 | M39: =J39*K39/60 -> 1.25 | N39: =J39*L39/60 -> 0 | O39: 5 min Rüstzeit | P39: Messgerät RTK Calibrated Surveyor Kit, Transport mit dem Fahrrad | Q39: Robinenpfähle (1,40 m) | R39: 31 | T39: Diese Robinenpfähle sind nur als Makierung gedacht und werden bei der Pflanzung entfernt und an anderer Stelle weiterverwendet. | U39: Eichhof
A40: 0 | M40: =J40*K40/60 -> 0 | N40: =J40*L40/60 -> 0 | Q40: Messgerät | R40: 1 | T40: Das Gerät wurde kostenfrei ausgeliehen von Bekannten. Dadurch sind keine Kosten entstanden. Neuanschaffung hätte ca. 600€ gekostet. Das Messgerät Ardusimple RTK Calibrated Surveyor Kit (https://www.ardusimple.de/product/rtk-calibrated-surveyor-kit/) hatte bei Regen und niedrigen Temperaturen Verbindungsprobleme. | U40: Eichhof
A41: 0 | M41: =J41*K41/60 -> 0 | N41: =J41*L41/60 -> 0 | Q41: Farbspray | R41: 1 | S41: 10 | T41: Aus dem Bestand. | U41: Eichhof
A42: 0 | G42: Pflanzpunkte einmessen | H42: Pflanzpunkte in den Reihen 1+3 einmessen und mit Robinienstäben und Farbspray markieren | I42: 45986 | J42: 105 | K42: 1 | M42: =J42*K42/60 -> 1.75 | N42: =J42*L42/60 -> 0 | O42: 30 min Rüstzeit: Einstellung des Geräts; einladen der Pfähle, Kalibrierung einstellen. | P42: s. Reihe 2 | Q42: s. Reihe 2 | R42: 1 | S42: 10 | T42: Farbspray aus dem Bestand. Kalibrieren des Gerätes mit kleinen technischen Schwierigkeiten. | U42: Eichhof
A43: 0 | G43: Pflanzaktion vorbereiten | H43: Erstellen und laminieren von Hinweis Schildern für VA & Pflanzplan. Schilder mit Hammer in den Boden einschlagen. Heiße Getränke vorbereiten. | I43: 45987 | J43: 40 | K43: 1 | L43: 1 | M43: =J43*K43/60 -> 0.66666667 | N43: =J43*L43/60 -> 0.66666667 | P43: Wasserkocher, Hammer, Laminiergerät | Q43: Druckerpapier, Laminierpapier, Nagel, Hammer, Robinienstöcke 2x2 | R43: 5 | T43: 5 Schilder. Materialien aus dem Bestand. Die Pflanzaktion musste aufgrund schlechten Wetters und zu großer Bodenfeuchte abgesagt werden. | U43: Eichhof
A44: 0 | G44: Pflanzaktion vorbereiten | H44: Heiße Getränke vorbereiten. Letzte organisatorische Absprachen. | I44: 45988 | J44: 30 | L44: 1 | M44: =J44*K44/60 -> 0 | N44: =J44*L44/60 -> 0.5 | P44: Wasserkocher | U44: Eichhof
A45: 0 | G45: Pflanzaktion absagen | H45: Pflanzaktion absagen: Email, Telefonate | I45: 45988 | J45: 15 | K45: 1 | L45: 1 | M45: =J45*K45/60 -> 0.25 | N45: =J45*L45/60 -> 0.25 | P45: PC, Telefon | T45: Boden war zu feucht zum Pflanzen. Anhaltender Regen. | U45: Eichhof
A46: 0 | G46: Obstbäume pflanzen | H46: Pflanzung von 3 Obstbäumen in Reihe 2: Pflanzloch ausheben, Pflanzgut holen, Wühlmausdraht verlegen, Pflanzloch füllen, Pfahl setzen (Altpfahl aus dem Bestand -da neue noch nicht angekommen waren), Baum anbinden, Baumschutz anbringen (Provisorischer Antiknapp aus Bestand) | I46: 45989 | J46: 45 | K46: 1 | L46: 1 | M46: =J46*K46/60 -> 0.75 | N46: =J46*L46/60 -> 0.75 | O46: 5 min Rüstzeit | P46: Spaten, Material gelagert in Viehanhänger auf der Koppel. | Q46: Pflanzgut, Wühlmausdraht, Pfosten, Alt-Baumschutz (Antiknapp), Anbindematerial. | T46: Kosten s.o. Die provisorischen Betriebsmittel wurden später wieder entfernt und ersetzt. | U46: Eichhof
A47: 0 | G47: Obstbäume und Haselnüsse pflanzen | H47: Pflanzung von Obstbäumen und Haselnüssen in Reihe 2: Pflanzloch ausheben, Pflanzgut holen, Wühlmausdraht verlegen, Pflanzloch füllen, Pfosten setzen (provisorisch, alten Pfosten aus Bestand), Baum anbinden, Baumschutz anbringen (provisorisch, Antiknapp -aus Altbestand) | I47: 45990 | J47: =335-40 -> 295 | K47: 1 | M47: =J47*K47/60 -> 4.9166667 | N47: =J47*L47/60 -> 0 | O47: Pflanzung am Wochenende mit 'entspanntem' Tempo. Rüstzeit ca. 20 min. Pausenzeit ca. 40 min (abgezogen) | P47: Spaten, Material gelagert in Viehanhänger auf der Koppel. | Q47: Pflanzgut, Wühlmausdraht, Pfosten, Alt-Baumschutz (Antiknapp), Anbindematerial. | T47: Kosten s.o. Die provisorischen Betriebsmittel wurden später wieder entfernt und ersetzt. | U47: Eichhof
A48: 0 | G48: Obstbäume und Haselnüsse pflanzen | H48: Pflanzung von Obstbäumen und Haselnüssen in Reihe 2: Pflanzloch ausheben, Pflanzgut holen, Wühlmausdraht verlegen, Pflanzloch füllen, Pfosten setzen (provisorisch, alten Pfosten aus Bestand), Baum anbinden, Baumschutz anbringen (provisorisch, Antiknapp -aus Altbestand) | I48: 45991 | J48: =165-20 -> 145 | K48: 1 | M48: =J48*K48/60 -> 2.4166667 | N48: =J48*L48/60 -> 0 | O48: Rüstzeit ca. 20 min. Pausenzeit ca. 20 min (abgezogen) | P48: Spaten, Material gelagert in Viehanhänger auf der Koppel. | Q48: Pflanzgut, Wühlmausdraht, Pfosten, Alt-Baumschutz (Antiknapp), Anbindematerial. | T48: Kosten s.o. Die provisorischen Betriebsmittel wurden später wieder entfernt und ersetzt. | U48: Eichhof
A49: 0 | G49: Obstbäume und Haselnüsse pflanzen | H49: Pflanzung von Obstbäumen und Haselnüssen in Reihe 2: Pflanzloch ausheben, Pflanzgut holen, Wühlmausdraht verlegen, Pflanzloch füllen, Pfosten setzen (provisorisch, alten Pfosten aus Bestand), Baum anbinden, Baumschutz anbringen (provisorisch, Antiknapp -aus Altbestand) | I49: 45992 | J49: 110 | K49: 1 | L49: 1 | M49: =J49*K49/60 -> 1.8333333 | N49: =J49*L49/60 -> 1.8333333 | O49: Rüstzeit ca. 20 min | P49: Spaten, Material gelagert in Viehanhänger auf der Koppel. | Q49: Pflanzgut, Wühlmausdraht, Pfosten, Alt-Baumschutz (Antiknapp), Anbindematerial. | T49: Kosten s.o. Die provisorischen Betriebsmittel wurden später wieder entfernt und ersetzt. | U49: Eichhof
A50: 0 | G50: Obstbäume und Haselnüsse pflanzen | H50: Pflanzung von Obstbäumen und Haselnüssen in Reihe 2: Pflanzloch ausheben, Pflanzgut holen, Wühlmausdraht verlegen, Pflanzloch füllen, Pfosten setzen (provisorisch, alten Pfosten aus Bestand), Baum anbinden, Baumschutz anbringen (provisorisch, Antiknapp -aus Altbestand) | I50: 45992 | J50: 95 | K50: 1 | M50: =J50*K50/60 -> 1.5833333 | N50: =J50*L50/60 -> 0 | P50: Spaten, Material gelagert in Viehanhänger auf der Koppel. | Q50: Pflanzgut, Wühlmausdraht, Pfosten, Alt-Baumschutz (Antiknapp), Anbindematerial. | T50: Kosten s.o. Die provisorischen Betriebsmittel wurden später wieder entfernt und ersetzt. | U50: Eichhof
A51: 0 | G51: Baumschutz für Obstbäume errichten | H51: Eichenpfähle setzen, um die schon gepflanzten Obstbäume vor den Kühen zu schützen. 1 bis 2 Eichenpähle pro Pflanzloch. Die Baumscheibe mit circa 6-7 Plattschaufeln Holzhackschnitzel abmulchen/decken. | I51: 46013 | J51: 65 | K51: 1 | L51: 1 | M51: =J51*K51/60 -> 1.0833333 | N51: =J51*L51/60 -> 1.0833333 | O51: Rüstzeit 5 min: Hänger mit Holzhackschnitzeln beladen, Eichenpfähle aufladen | P51: Raupenbagger (8t), PKW-Anhänger, Schwerlastband (zum Befestigen des Anhängers am Bagger), Kramerschaufel, Plattschaufeln | Q51: Holzhackschnitzel, Eichenpfähle | R51: Hackschnitzel: 3 m³ | S51: =50/1.19 -> 42.016807 | T51: Da es am Bagger keine Anhängerkupplung gibt, wurde der Anhänger mit dem Schwerlastband angehängt. Der Bagger wurde gewählt damit auf nassen Böden möglichst wenig Verdichtung entsteht. | U51: Eichhof
A52: 0 | M52: =J52*K52/60 -> 0 | N52: =J52*L52/60 -> 0 | Q52: Maschinenkosten Raupenbagger | R52: 17 €/h | S52: =M51*17 -> 18.416667 | U52: Eichhof
A53: 0 | G53: Obstbäume und Holunder pflanzen, Baumschutz errichten | H53: 3 Obstbäume: Pflanzlöcher ausheben, Wühlmauskorb einbringen, Baum setzen, Pflanzloch verfüllen. Normannisches Korsett vorläufig anbringen (Eichenpfähle & großer Anbindepfosten fehlen noch). 12 Holunder: Pflanzloch ausheben, Baum setzen, Loch verfüllen. | I53: 46019 | J53: 110 | K53: 1 | M53: =J53*K53/60 -> 1.8333333 | N53: =J53*L53/60 -> 0 | O53: 1 Fachkraft, drei ehrenamtliche Helfer. 5 min Rüstzeit | P53: Spaten, Schubkarre. | Q53: Pflanzgut, Wühlmausschutz, Hasendraht , Baumschutz (normannisches Korsett) --> s.o. | T53: Die richtigen Pfosten sind nur für die Pflanzaktion zu spät angekommen, deshalb mussten wir mit Provisorium arbeiten und die Pfähle im Nachgang nochmal austauschen. Sehr ärgerlich und zeitintensiv. | U53: Eichhof
A54: 0 | G54: Obstbäume pflanzen, Baumschutz errichten | H54: 4 Obstbäume: Pflanzlöcher ausheben, Wühlmauskorb einbringen, Baum setzen, Pflanzloch verfüllen. Normannisches Korsett vorläufig anbringen (Pfosten fehlen noch). | I54: 46021 | J54: 170 | K54: 1 | M54: =J54*K54/60 -> 2.8333333 | N54: =J54*L54/60 -> 0 | O54: 5 min Rüstzeit | P54: Spaten, Schubkarre. | Q54: Pflanzgut, Wühlmausschutz, Hasendraht , Baumschutz (normannisches Korsett) | T54: Die richtigen Pfosten sind nur für die Pflanzaktion zu spät angekommen, deshalb mussten wir mit Provisorium arbeiten und die Pfähle im Nachgang nochmal austauschen. Sehr ärgerlich und zeitintensiv. | U54: Eichhof
A55: 0 | G55: Obstbäume pflanzen, Baumschutz errichten | H55: 4 Obstbäume: Pflanzlöcher ausheben, Wühlmauskorb einbringen, Baum setzen, Pflanzloch verfüllen. Normannisches Korsett vorläufig anbringen. | I55: 46021 | J55: 130 | K55: 1 | M55: =J55*K55/60 -> 2.1666667 | N55: =J55*L55/60 -> 0 | O55: 1 Fachkraft, 1 ehrenamtlicher Helfer. 5 min Rüstzeit | P55: Spaten, Schubkarre. | Q55: Pflanzgut, Wühlmausschutz, Hasendraht , Baumschutz (normannisches Korsett) | T55: Die richtigen Pfosten sind nur für die Pflanzaktion zu spät angekommen, deshalb mussten wir mit Provisorium arbeiten und die Pfähle im Nachgang nochmal austauschen. Sehr ärgerlich und zeitintensiv. | U55: Eichhof
A56: 0 | G56: Obstbäume pflanzen, Baumschutz errichten | H56: 4 Obstbäume: Pflanzlöcher ausheben, Wühlmauskorb einbringen, Baum setzen, Pflanzloch verfüllen. Normannisches Korsett vorläufig anbringen (Pfosten fehlen noch). | I56: 46022 | J56: 270 | K56: 1 | M56: =J56*K56/60 -> 4.5 | N56: =J56*L56/60 -> 0 | O56: Insg. 365 min, inklusive 95 min Pausenzeit. 5 min Rüstzeit. | P56: Spaten, Schubkarre. | Q56: Pflanzgut, Wühlmausschutz, Hasendraht , Baumschutz (normannisches Korsett) | T56: Die richtigen Pfosten sind nur für die Pflanzaktion zu spät angekommen, deshalb mussten wir mit Provisorium arbeiten und die Pfähle im Nachgang nochmal austauschen. Sehr ärgerlich und zeitintensiv. | U56: Eichhof
A57: 0 | B57: =SUM(M11:M56)*D7 -> 960.66667 | C57: =SUM(N11:N56)*D8 -> 108.88333 | D57: =SUM(S11:S56) -> 4823.0935 | E57: =SUM(B57:D57) -> 5892.6435 | F57: =SUM(V11:V56) -> 0
A58: 1 | G58: Obstbäume pflanzen, Baumschutz errichten | H58: 7 Obstbäume: Schnee auf den Pflanzlöchern wegfegen, Pflanzlöcher ausheben, Wühlmauskorb einbringen, Baum setzen, Pflanzloch verfüllen. Normannisches Korsett vorläufig anbringen (Pfosten fehlen noch). | I58: 46026 | J58: =360-45 -> 315 | K58: 1 | M58: =J58*K58/60 -> 5.25 | N58: =J58*L58/60 -> 0 | O58: Rüstzeit: 40 min (Pflanzgut aus Pflanzschule ausgraben, einschlagen und transportieren). Ca. 45 min Pausenzeit (abgezogen) | P58: Schubkarre, Besen, Spaten (Transport per Hand) | Q58: Pflanzgut, Wühlmausschutz, Hasendraht , Baumschutz (normannisches Korsett) | T58: Die richtigen Pfosten sind nur für die Pflanzaktion zu spät angekommen, deshalb mussten wir mit Provisorium arbeiten und die Pfähle im Nachgang nochmal austauschen. Sehr ärgerlich und zeitintensiv. | U58: Eichhof
A59: 1 | G59: Holunder pflanzen | H59: Schnee auf den Pflanzlöchern wegfegen, Pflanzlöcher ausheben, Holunder pflanzen, Pflanzlöcher füllen, Hasendraht anbringen. | I59: 46027 | J59: 90 | K59: 2 | L59: 2 | M59: =J59*K59/60 -> 3 | N59: =J59*L59/60 -> 3 | O59: 5 min Rüstzeit | P59: Schubkarre, Besen, Spaten (Transport per Hand) | Q59: Pflanzgut, Hasendraht | U59: Eichhof
A60: 1 | G60: Holunder pflanzen | H60: Schnee auf den Pflanzlöchern wegfegen, Pflanzlöcher ausheben, Holunder pflanzen, Pflanzlöcher füllen, Hasendraht anbringen. | I60: 46027 | J60: 75 | K60: 1 | L60: 2 | M60: =J60*K60/60 -> 1.25 | N60: =J60*L60/60 -> 2.5 | O60: 5 min Rüstzeit | P60: Schubkarre, Besen, Spaten (Transport per Hand) | Q60: Pflanzgut, Hasendraht | U60: Eichhof
A61: 1 | G61: Holunder mulchen, Kontrolle der Pfosten | H61: Mulchen der Holundersträucher mit Holzhackschnitzeln. Etwa 2 Plattschaufeln pro Strauch. Lose Pfosten (bei Obstbäumen) weiter reindrücken. Eichenpfähle als Support-Pfosten (200cm) gedrückt. | I61: 46027 | J61: 60 | K61: 1 | L61: 1 | M61: =J61*K61/60 -> 1 | N61: =J61*L61/60 -> 1 | O61: Rüstzeit: 25 min | P61: Raupenbagger Terex (5 t), Schwerlastband (zum Befestigen des Anhängers am Bagger), PKW-Anhänger, Plattschaufeln | Q61: Maschinenkosten Raupenbagger | R61: 17 €/h | S61: =0.5*17 -> 8.5 | T61: Da es am Bagger keine Anhängerkupplung gibt, wurde der Anhänger mit dem Schwerlastband angehängt. Der Bagger wurde gewählt damit auf nassen Böden möglichst wenig Verdichtung entsteht. | U61: Eichhof
A62: 1 | M62: =J62*K62/60 -> 0 | N62: =J62*L62/60 -> 0 | Q62: Hackschnitzel | R62: 3 m³ | S62: =50/1.19 -> 42.016807 | U62: Eichhof
A63: 1 | G63: Einzäunung des diversen Streifens | H63: Etwa 1 Stunde Vorbereitung, 1 Stunde Drähte ziehen, danach Pfähle drücken 45 Minuten + 15 Min Rüstzeit | I63: 46099 | J63: 180 | K63: 1 | L63: 1 | M63: =J63*K63/60 -> 3 | N63: =J63*L63/60 -> 3 | O63: 3 Arbeitskräfte, inkl. einer Praktikantin (deshalb eine Person abgezogen). Rüstzeit 15 min, inkl. Einarbeitung Praktikantin. | P63: Teleskoplader Kramer, Raupenbagger | Q63: Maschinenkosten (Raupenbagger fehlt) --> ca. 1 h | R63: Teleskoplader: 35 € /h, Raupenbagger: 17 € / h | S63: =35+17 -> 52 | U63: Eichhof
A64: 1 | G64: Einzäunung des diversen Streifens | H64: Gräben schließen nach Baggerarbeiten | I64: 46099 | J64: 90 | L64: 2 | M64: =J64*K64/60 -> 0 | N64: =J64*L64/60 -> 3 | U64: Eichhof
A65: 1 | G65: Einzäunung des diversen Streifens | H65: 70 m Erdkabel verlegen (Leitung ausbaggern und verlegen) | I65: 18.03. | J65: 150 | K65: 1 | M65: =J65*K65/60 -> 2.5 | N65: =J65*L65/60 -> 0 | P65: Raupenbagger (Eigentum) | Q65: Maschinenkosten | R65: € 17 / h | S65: =M65*15 -> 37.5 | U65: Eichhof
A66: 1 | G66: Austausch der provisorischen Pfosten | H66: Austausch der provisorischen Pfosten mit den finalen Anbindepfosten: Robinie (350cm) und Eichenpfähle. | I66: 46064 | J66: 120 | K66: 1 | L66: 1 | M66: =J66*K66/60 -> 2 | N66: =J66*L66/60 -> 2 | P66: Teleskoplader Kramer; | Q66: Maschinenkosten | R66: 35 € /h | S66: =35*M66 -> 70 | U66: Eichhof
A67: 1 | G67: Kontrolle der Obstbäume: Frühjahr (März) | H67: Baumschutz kontrollieren & nachbessern (Frühjahr). Schädlingskontrolle. Außerdem: Vitalität der Bäume (Fotodokumentation), Stammwunden, Bewuchs der Baumscheibe, Neuaustrieb | I67: 2026 | J67: 60 | K67: 1 | M67: =J67*K67/60 -> 1 | N67: =J67*L67/60 -> 0 | O67: ca. 1 min / Baum + Rüstzeit (ca. 10 min) + Wege | P67: Telefon zur Fotodokumentation, Lageplan; ggf. Akkuschrauber zum Lösen des Baumschutzes; Rosenschere | Q67: Kokosfaserband, Hanfband zum festbinden, Schrauben | T67: Beim täglichen Treiben der Kühe auf die/von den Koppeln wird immer nach dem Rechten geschaut. // Bisherige Erfahrung: Nur vereinzelt (Ausnahme!) wurde ein Baumschutz ersetzt, weil Pfähle nicht gehalten haben. | U67: Eichhof, Beraterteam
A68: 1 | G68: Kontrolle der Obstbäume: Sommer (August) | H68: Baumschutz kontrollieren & nachbessern (Sommer). Schädlingskontrolle. Außerdem: Vitalität der Bäume (Fotodokumentation), Stammwunden, Bewuchs der Baumscheibe, Neuaustrieb | I68: 2026 | J68: 60 | K68: 1 | M68: =J68*K68/60 -> 1 | N68: =J68*L68/60 -> 0 | O68: ca. 1 min / Baum + Rüstzeit (ca. 10 min) + Wege | P68: Telefon zur Fotodokumentation, Lageplan; ggf. Akkuschrauber zum Lösen des Baumschutzes; Rosenschere | Q68: Kokosfaserband, Hanfband zum festbinden, Schrauben | T68: Beim täglichen Treiben der Kühe auf die/von den Koppeln wird immer nach dem Rechten geschaut. // Bisherige Erfahrung: Nur vereinzelt (Ausnahme!) wurde ein Baumschutz ersetzt, weil Pfähle nicht gehalten haben. | U68: Eichhof, Beraterteam
A69: 1 | G69: Bewässerung (1x budgetiert, bei früheren Pflanzungen aber nicht nötig gewesen) | H69: Güllewagen als Wassertank mit Schlauch mit Löchern zur Bewässerung/Beregnung. | I69: 2026 | J69: 360 | K69: 1 | M69: =J69*K69/60 -> 6 | N69: =J69*L69/60 -> 0 | O69: 15 min Rüstzeit | P69: Güllewagen 10³; Trecker Fendt Farmer 110 | Q69: Wasserverbrauch (circa) | R69: 4 m³ | T69: Eichhof: Das hängt vom Jahr ab. Bei früheren Pflanzungen ist keine Bewässerung nötig gewesen. Schätzung: 100L/Baum. Der Eichhof hat (kostenlose)s Brunnenwasser. Das Güllefass eine Füllmenge von 10m³. Langsames Fahren mit 0,5km/h, mehrmaliges entlang fahren. Beraterteam: In trockenen Jahren 2x bewässern. Es sollte nach den ersten 3 Jahren nicht mehr bewässert werden, insbesondere bei Most. Tafelobst hat höhere Priorität. | U69: Eichhof, Beraterteam
A70: 1 | M70: =J70*K70/60 -> 0 | N70: =J70*L70/60 -> 0 | Q70: Maschinenkosten | R70: 27 €/h | S70: =5.75*27 -> 155.25 | U70: Eichhof
A71: 1 | G71: Beikrautregulierung Baumscheiben (Q2) | H71: Die Baumstreifen sind gemulcht, mit der Handhacke soll nur kurz nachgearbeitet werden. | I71: 2026 | J71: 240 | K71: 1 | M71: =J71*K71/60 -> 4 | N71: =J71*L71/60 -> 0 | O71: 5 min Rüstzeit | P71: Handhacke | U71: Eichhof
A72: 1 | G72: Baumschnitt | H72: Wird von einem befreundetem Baumwart durchgeführt | I72: 2026 | J72: 15 | K72: 1 | M72: =J72*K72/60 -> 0.25 | N72: =J72*L72/60 -> 0 | O72: Nicht relevant, wird durch Baumwart erledigt. 15 min Koordination | Q72: Baumwart | R72: 500 € / Tag, davon € 50 Anfahrt: 56,25 € / h | S72: =((46*10+36*5)/60*56.25)*(1+2%)^1 -> 612 | T72: 36 Hasel, 46 Obstbäume. In den Jahren 1-3: 5 min/ Hasel, 10 min / Obstbaum. 500 € / Tag inklusive Anfahrt und aller benötigten Geräte. Mit 2%igem jährlichem Anstieg der Lohnkosten | U72: Eichhof, Beraterteam, Kruckelmann (2011), Anja
A73: 1 | B73: =(SUM(M58:M72)*D7)*(1+2%)^1 -> 678.81 | C73: =(SUM(N58:N72)*D8)*(1+2%)^1 -> 205.581 | D73: =SUM(S58:S72) -> 977.26681 | E73: =SUM(B73:D73) -> 1861.6578 | F73: =SUM(V58:V72) -> 0
A74: 2 | G74: Kontrolle der Obstbäume: Frühjahr (März) | H74: Baumschutz kontrollieren & nachbessern (Frühjahr). Schädlingskontrolle. Außerdem: Vitalität der Bäume (Fotodokumentation), Stammwunden, Bewuchs der Baumscheibe, Neuaustrieb | I74: 2027 | J74: 60 | K74: 1 | M74: =J74*K74/60 -> 1 | N74: =J74*L74/60 -> 0 | O74: ca. 1 min / Baum + Rüstzeit (ca. 10 min) + Wege | P74: Telefon zur Fotodokumentation, Lageplan; ggf. Akkuschrauber zum Lösen des Baumschutzes; Rosenschere | Q74: Kokosfaserband, Hanfband zum festbinden, Schrauben | T74: Beim täglichen Treiben der Kühe auf die/von den Koppeln wird immer nach dem Rechten geschaut. // Bisherige Erfahrung: Nur vereinzelt (Ausnahme!) wurde ein Baumschutz ersetzt, weil Pfähle nicht gehalten haben. | U74: Eichhof, Beraterteam
A75: 2 | G75: Kontrolle der Obstbäume: Sommer (August) | H75: Baumschutz kontrollieren & nachbessern (Sommer). Schädlingskontrolle. Außerdem: Vitalität der Bäume (Fotodokumentation), Stammwunden, Bewuchs der Baumscheibe, Neuaustrieb | I75: 2027 | J75: 60 | K75: 1 | M75: =J75*K75/60 -> 1 | N75: =J75*L75/60 -> 0 | O75: ca. 1 min / Baum + Rüstzeit (ca. 10 min) + Wege | P75: Telefon zur Fotodokumentation, Lageplan; ggf. Akkuschrauber zum Lösen des Baumschutzes; Rosenschere | Q75: Kokosfaserband, Hanfband zum festbinden, Schrauben | T75: Beim täglichen Treiben der Kühe auf die/von den Koppeln wird immer nach dem Rechten geschaut. // Bisherige Erfahrung: Nur vereinzelt (Ausnahme!) wurde ein Baumschutz ersetzt, weil Pfähle nicht gehalten haben. | U75: Eichhof, Beraterteam
A76: 2 | G76: Beikrautregulierung Baumscheiben (Q2) | H76: Die Baumstreifen sind gemulcht, mit der Handhacke soll nur kurz nachgearbeitet werden. | I76: 2027 | J76: 240 | K76: 1 | M76: =J76*K76/60 -> 4 | N76: =J76*L76/60 -> 0 | O76: 5 min Rüstzeit | P76: Handhacke | U76: Eichhof
A77: 2 | G77: Baumschnitt | H77: Wird von einem befreundetem Baumwart durchgeführt | I77: 2027 | J77: 15 | K77: 1 | M77: =J77*K77/60 -> 0.25 | N77: =J77*L77/60 -> 0 | O77: Nicht relevant, wird durch Baumwart erledigt. 15 min Koordination | Q77: Baumwart | R77: 500 € / Tag, davon € 50 Anfahrt: 56,25 € / h | S77: =((46*10+36*5)/60*56.25)*(1+2%)^2 -> 624.24 | T77: 36 Hasel, 46 Obstbäume. In den Jahren 1-3: 5 min/ Hasel, 10 min / Obstbaum. 500 € / Tag inklusive Anfahrt und aller benötigten Geräte. Mit 2%igem jährlichem Anstieg der Lohnkosten | U77: Eichhof, Beraterteam, Kruckelmann (2011), Anja
A78: 2 | I78: 2027 | M78: =J78*K78/60 -> 0 | N78: =J78*L78/60 -> 0 | U78: Eichhof
A79: 2 | I79: 2027 | M79: =J79*K79/60 -> 0 | N79: =J79*L79/60 -> 0 | U79: Eichhof
A80: 2 | B80: =(SUM(M74:M79)*D7)*(1+2%)^2 -> 143.055 | C80: =(SUM(N74:N79)*D8)*(1+2%)^2 -> 0 | D80: =SUM(S74:S79) -> 624.24 | E80: =SUM(B80:D80) -> 767.295 | F80: =SUM(V74:V79) -> 0
A81: 3 | G81: Kontrolle der Obstbäume: Frühjahr (März) | H81: Baumschutz kontrollieren & nachbessern (Frühjahr). Schädlingskontrolle. Außerdem: Vitalität der Bäume (Fotodokumentation), Stammwunden, Bewuchs der Baumscheibe, Neuaustrieb | I81: 2028 | J81: 60 | K81: 1 | M81: =J81*K81/60 -> 1 | N81: =J81*L81/60 -> 0 | O81: ca. 1 min / Baum + Rüstzeit (ca. 10 min) + Wege | P81: Telefon zur Fotodokumentation, Lageplan; ggf. Akkuschrauber zum Lösen des Baumschutzes; Rosenschere | Q81: Kokosfaserband, Hanfband zum festbinden, Schrauben | T81: Beim täglichen Treiben der Kühe auf die/von den Koppeln wird immer nach dem Rechten geschaut. // Bisherige Erfahrung: Nur vereinzelt (Ausnahme!) wurde ein Baumschutz ersetzt, weil Pfähle nicht gehalten haben. | U81: Eichhof, Beraterteam
A82: 3 | G82: Kontrolle der Obstbäume: Sommer (August) | H82: Baumschutz kontrollieren & nachbessern (Sommer). Schädlingskontrolle. Außerdem: Vitalität der Bäume (Fotodokumentation), Stammwunden, Bewuchs der Baumscheibe, Neuaustrieb | I82: 2028 | J82: 60 | K82: 1 | M82: =J82*K82/60 -> 1 | N82: =J82*L82/60 -> 0 | O82: ca. 1 min / Baum + Rüstzeit (ca. 10 min) + Wege | P82: Telefon zur Fotodokumentation, Lageplan; ggf. Akkuschrauber zum Lösen des Baumschutzes; Rosenschere | Q82: Kokosfaserband, Hanfband zum festbinden, Schrauben | T82: Beim täglichen Treiben der Kühe auf die/von den Koppeln wird immer nach dem Rechten geschaut. // Bisherige Erfahrung: Nur vereinzelt (Ausnahme!) wurde ein Baumschutz ersetzt, weil Pfähle nicht gehalten haben. | U82: Eichhof, Beraterteam
A83: 3 | G83: Beikrautregulierung Baumscheiben (Q2) | H83: Die Baumstreifen sind gemulcht, mit der Handhacke soll nur kurz nachgearbeitet werden. | I83: 2028 | J83: 240 | K83: 1 | M83: =J83*K83/60 -> 4 | N83: =J83*L83/60 -> 0 | O83: 5 min Rüstzeit | P83: Handhacke | U83: Eichhof
A84: 3 | G84: Baumschnitt | H84: Wird von einem befreundetem Baumwart durchgeführt | I84: 2028 | J84: 15 | K84: 1 | M84: =J84*K84/60 -> 0.25 | N84: =J84*L84/60 -> 0 | O84: Nicht relevant, wird durch Baumwart erledigt. 15 min Koordination | Q84: Baumwart | R84: 500 € / Tag, davon € 50 Anfahrt: 56,25 € / h | S84: =((46*10+36*5)/60*56.25)*(1+2%)^3 -> 636.7248 | T84: 36 Hasel, 46 Obstbäume. In den Jahren 1-3: 5 min/ Hasel, 10 min / Obstbaum. 500 € / Tag inklusive Anfahrt und aller benötigten Geräte. Mit 2%igem jährlichem Anstieg der Lohnkosten. | U84: Eichhof, Beraterteam, Kruckelmann (2011), Anja
A85: 3 | G85: Nachpflanzung | H85: Geschätzte Ausfallquote: 5-6 % (2-3 Obstbäume). 3 Obstbäume: Pflanzlöcher ausheben, Wühlmauskorb einbringen, Baum setzen, Pflanzloch verfüllen. Normannisches Korsett anbringen. | I85: 2028 | J85: 120 | K85: 1 | M85: =J85*K85/60 -> 2 | N85: =J85*L85/60 -> 0 | O85: 5 min Rüstzeit | Q85: Pflanzugt | R85: 2-3 Stück | T85: Zusätzlich gekaufte Bäume in der Baumschule umpflanzen. Oder neue Sämlinge zur Selbstveredelung nutzen, die gerade (2026) herangezogen werden. | U85: Eichhof
A86: 3 | I86: 2028 | M86: =J86*K86/60 -> 0 | N86: =J86*L86/60 -> 0 | Q86: Eichenpfahl | R86: 3 Stück | S86: =4.4*3 -> 13.2 | T86: 180cm x 8-13 Rücken, € 4,40 / Stück
A87: 3 | I87: 2028 | M87: =J87*K87/60 -> 0 | N87: =J87*L87/60 -> 0 | Q87: Wühlmausgitter | R87: 3 Stück | S87: =2.15*3 -> 6.45 | T87: Aus dem Bestand. Ca. 1m Abschnitte 1x1m und Maschenweite von 13 mm und einer Drahtstärke von ca. 0,7 mm. € 2,15/Stück.
A88: 3 | I88: 2028 | M88: =J88*K88/60 -> 0 | N88: =J88*L88/60 -> 0 | Q88: Baumschutz | R88: 2-3 Stück | S88: =31*3 -> 93 | T88: Normanisches Korsett: 5 als Reserve auf Lager. € 31 / Stück | U88: Eichhof
A89: 3 | I89: 2028 | M89: =J89*K89/60 -> 0 | N89: =J89*L89/60 -> 0 | Q89: Mulch | R89: 15 kg | S89: 4 | U89: Eichhof
A90: 3 | G90: Haselnussernte | H90: Ernte mit Rollblitz. Die geernteten Nüsse werden vor Ort gereinigt und anschliessend im Heizungslager der Holzhackschnitzelheitzung getrocknet. | I90: 2028 | J90: =Haselnusserlös!A37/2 -> 79.2 | K90: 1 | L90: 1 | M90: =J90*K90/60 -> 1.32 | N90: =J90*L90/60 -> 1.32 | O90: s. Tabellenblatt 'Haselnusserlös' | P90: Rollblitz Haselnuss | Q90: Kaffeesäcke | R90: nach Bedarf | T90: Durchschnittlicher Ertrag und Erlös: s. Excelblatt 'Haselnusserlös'. Preisanstieg von 3%/Jahr. Gebrauchte (ehemalige) Kaffeesäcke sind vorhanden. | U90: Eichhof, Anja | V90: =Haselnusserlös!A30*(1+3%)^3 -> 576.95986
A91: 3 | I91: 2028 | M91: =J91*K91/60 -> 0 | N91: =J91*L91/60 -> 0 | Q91: Rollblitz Haselnuss | R91: 3 | S91: =R91*89 -> 267 | T91: € 89/Stück (mit Teleskopstab), Quelle: https://shop.feucht-obsttechnik.de/Rollblitz-Haselnuss-Teleskopstab/7170022
A92: 3 | B92: =(SUM(M81:M91)*D7)*(1+2%)^3 -> 223.42673 | C92: =(SUM(N81:N91)*D8)*(1+2%)^3 -> 19.471044 | D92: =SUM(S81:S91) -> 1020.3748 | E92: =SUM(B92:D92) -> 1263.2726 | F92: =SUM(V81:V91) -> 576.95986
A93: 4 | G93: Kontrolle der Obstbäume: Frühjahr (März) | H93: Baumschutz kontrollieren & nachbessern (Frühjahr). Schädlingskontrolle. Außerdem: Vitalität der Bäume (Fotodokumentation), Stammwunden, Bewuchs der Baumscheibe, Neuaustrieb | I93: 2029 | J93: 60 | K93: 1 | M93: =J93*K93/60 -> 1 | N93: =J93*L93/60 -> 0 | O93: ca. 1 min / Baum + Rüstzeit (ca. 10 min) + Wege | P93: Telefon zur Fotodokumentation, Lageplan; ggf. Akkuschrauber zum Lösen des Baumschutzes; Rosenschere | Q93: Kokosfaserband, Hanfband zum festbinden, Schrauben | T93: Beim täglichen Treiben der Kühe auf die/von den Koppeln wird immer nach dem Rechten geschaut. // Bisherige Erfahrung: Nur vereinzelt (Ausnahme!) wurde ein Baumschutz ersetzt, weil Pfähle nicht gehalten haben. | U93: Eichhof, Beraterteam
A94: 4 | G94: Kontrolle der Obstbäume: Sommer (August) | H94: Baumschutz kontrollieren & nachbessern (Sommer). Schädlingskontrolle. Außerdem: Vitalität der Bäume (Fotodokumentation), Stammwunden, Bewuchs der Baumscheibe, Neuaustrieb | I94: 2029 | J94: 60 | K94: 1 | M94: =J94*K94/60 -> 1 | N94: =J94*L94/60 -> 0 | O94: ca. 1 min / Baum + Rüstzeit (ca. 10 min) + Wege | P94: Telefon zur Fotodokumentation, Lageplan; ggf. Akkuschrauber zum Lösen des Baumschutzes; Rosenschere | Q94: Kokosfaserband, Hanfband zum festbinden, Schrauben | T94: Beim täglichen Treiben der Kühe auf die/von den Koppeln wird immer nach dem Rechten geschaut. // Bisherige Erfahrung: Nur vereinzelt (Ausnahme!) wurde ein Baumschutz ersetzt, weil Pfähle nicht gehalten haben. | U94: Eichhof, Beraterteam
A95: 4 | G95: Beikrautregulierung Baumscheiben (Q2) | H95: Die Baumstreifen sind gemulcht, mit der Handhacke soll nur kurz nachgearbeitet werden. | I95: 2029 | J95: 240 | K95: 1 | M95: =J95*K95/60 -> 4 | N95: =J95*L95/60 -> 0 | O95: 5 min Rüstzeit | P95: Handhacke | U95: Eichhof
A96: 4 | G96: Baumschnitt | H96: Wird von einem befreundetem Baumwart durchgeführt | I96: 2029 | J96: 15 | K96: 1 | M96: =J96*K96/60 -> 0.25 | N96: =J96*L96/60 -> 0 | O96: Nicht relevant, wird durch Baumwart erledigt. 15 min Koordination | Q96: Baumwart | R96: 500 € / Tag, davon € 50 Anfahrt: 56,25 € / h | S96: =((46*25+36*5)/60*56.25)*(1+2%)^4 -> 1349.6576 | T96: 36 Hasel, 46 Obstbäume. In den Jahren 4-15: 5 min/ Hasel, 25 min / Obstbaum (Aufbauphase). 500 € / Tag inklusive Anfahrt und aller benötigten Geräte. Mit 2%igem jährlichem Anstieg der Lohnkosten. | U96: Eichhof, Beraterteam, Kruckelmann (2011), Anja
A97: 4 | G97: Haselnussernte | H97: Ernte mit Rollblitz. Die geernteten Nüsse werden vor Ort gereinigt und anschliessend im Heizungslager der Holzhackschnitzelheitzung getrocknet. | I97: 2029 | J97: =Haselnusserlös!A37/2 -> 79.2 | K97: 1 | L97: 1 | M97: =J97*K97/60 -> 1.32 | N97: =J97*L97/60 -> 1.32 | O97: s. Tabellenblatt 'Haselnusserlös' | P97: Rollblitz Haselnuss | Q97: Kaffeesäcke | R97: nach Bedarf | T97: Durchschnittlicher Ertrag und Erlös: s. Excelblatt 'Haselnusserlös'. Preisanstieg von 3%/Jahr. Gebrauchte (ehemalige) Kaffeesäcke sind vorhanden. | U97: Eichhof, Anja | V97: =Haselnusserlös!A30*(1+3%)^4 -> 594.26865
A98: 4 | B98: =(SUM(M93:M97)*D7)*(1+2%)^4 -> 180.26825 | C98: =(SUM(N93:N97)*D8)*(1+2%)^4 -> 19.860465 | D98: =SUM(S93:S97) -> 1349.6576 | E98: =SUM(B98:D98) -> 1549.7863 | F98: =SUM(V93:V97) -> 594.26865
A99: 5 | G99: Kontrolle der Obstbäume: Frühjahr (März) | H99: Baumschutz kontrollieren & nachbessern (Frühjahr). Schädlingskontrolle. Außerdem: Vitalität der Bäume (Fotodokumentation), Stammwunden, Bewuchs der Baumscheibe, Neuaustrieb | I99: 2030 | J99: 60 | K99: 1 | M99: =J99*K99/60 -> 1 | N99: =J99*L99/60 -> 0 | O99: ca. 1 min / Baum + Rüstzeit (ca. 10 min) + Wege | P99: Telefon zur Fotodokumentation, Lageplan; ggf. Akkuschrauber zum Lösen des Baumschutzes; Rosenschere | Q99: Kokosfaserband, Hanfband zum festbinden, Schrauben | T99: Beim täglichen Treiben der Kühe auf die/von den Koppeln wird immer nach dem Rechten geschaut. // Bisherige Erfahrung: Nur vereinzelt (Ausnahme!) wurde ein Baumschutz ersetzt, weil Pfähle nicht gehalten haben. | U99: Eichhof, Beraterteam
A100: 5 | G100: Kontrolle der Obstbäume: Sommer (August) | H100: Baumschutz kontrollieren & nachbessern (Sommer). Schädlingskontrolle. Außerdem: Vitalität der Bäume (Fotodokumentation), Stammwunden, Bewuchs der Baumscheibe, Neuaustrieb | I100: 2030 | J100: 60 | K100: 1 | M100: =J100*K100/60 -> 1 | N100: =J100*L100/60 -> 0 | O100: ca. 1 min / Baum + Rüstzeit (ca. 10 min) + Wege | P100: Telefon zur Fotodokumentation, Lageplan; ggf. Akkuschrauber zum Lösen des Baumschutzes; Rosenschere | Q100: Kokosfaserband, Hanfband zum festbinden, Schrauben | T100: Beim täglichen Treiben der Kühe auf die/von den Koppeln wird immer nach dem Rechten geschaut. // Bisherige Erfahrung: Nur vereinzelt (Ausnahme!) wurde ein Baumschutz ersetzt, weil Pfähle nicht gehalten haben. | U100: Eichhof, Beraterteam
A101: 5 | G101: Beikrautregulierung Baumscheiben (Q2) | H101: Die Baumstreifen sind gemulcht, mit der Handhacke soll nur kurz nachgearbeitet werden. | I101: 2030 | J101: 240 | K101: 1 | M101: =J101*K101/60 -> 4 | N101: =J101*L101/60 -> 0 | O101: 5 min Rüstzeit | P101: Handhacke | U101: Eichhof
...

Sheet Obsterlös
A1: Obsterlöse (Laut Leitfaden wird ab Jahr 5-6 geerntet)
A2: Gibt es neue Informationen zu den durchschnittlichen Erträgen und Erntezeiten von Zwetschgen und weitere Updates zur Berechnung? Bitte an oekonomie@defaf.de weiterleiten, um die Berechnungen zu aktualisieren.
A4: Leitfaden S. 37: | B4: Ernte ab Jahr 5 - jährliche Steigerungen
A5: Leitfaden S. 43: | B5: Ab Jahr 11 Vollertrag der Obstbäume
A6: Leitfaden S. 36: | B6: 8 Zwetschgen, 20 Äpfel, 18 Birnen
A7: Leitfaden S. 37: | B7: Obstanbau zum Verkauf, 10% Tafelobst & Lagersorten (=20% Tafelobstqualität), >70% eigenes Mosten für Mischsaft und 5% event. Weitere Veredelung
A9: Äpfel, Ertrag Hochstämme
H10: Quelle: LfL 2024, s. DeFAF-KTBL-Handreichung - Produkte, Erträge und Ernteverfahren in Agroforstsystemen (https://agroforst-info.de/wp-content/uploads/2025/12/2025-DeFAF.KTBL-Handreichung_AFS.Ertraege.Teil1_Chalmin29.12.25.pdf)
A11: 20 kg (10-30 kg) vom 6. bis 10. Standjahr
A12: 60 kg (40-80 kg) vom 11. bis 20. Standjahr
A13: 210 kg (150-250 kg) vom 21. bis 50. Standjahr
A15: Tafelobst: | B15: 3,25 €/kg für bio-zertifizierte Äpfel (Durchschnittswert FistalBIO 2025)
A16: Mostobst: | B16: ~ 17 € / dt (Durchschnittswert 2024)
A19: Birnen, Ertrag Hochstämme | H19: Quelle: DeFAF-KTBL-Handreichung - Produkte, Erträge und Ernteverfahren in Agroforstsystemen (https://agroforst-info.de/wp-content/uploads/2025/12/2025-DeFAF.KTBL-Handreichung_AFS.Ertraege.Teil1_Chalmin29.12.25.pdf)
A21: 200 kg im Vollertrag (Durchschnittswert für Hochstämme, S. 14)
A22: ansonsten wie Äpfel (Annahme)
A24: Tafelobst: | B24: € 4,30 (Durchschnittswert 2024+2025, S.14)
A25: Mostobst: | B25: ~ 15 € / dt (Durchschnittswert 2024, Aufpreisinititative Steinkauz)
A28: Zwetschgen, Ertrag Hochstämme | H28: Quelle: DeFAF-KTBL-Handreichung - Produkte, Erträge und Ernteverfahren in Agroforstsystemen (https://agroforst-info.de/wp-content/uploads/2025/12/2025-DeFAF.KTBL-Handreichung_AFS.Ertraege.Teil1_Chalmin29.12.25.pdf)
A30: 55 kg im Vollertrag (Durchschnittswert für Hochstämme, S. 20)
A31: ansonsten prozentual wie Äpfel (Annahme)
A33: Tafelobst: | B33: € 7,24 (Durchschnittswert 2025, S.20)
A36: Pflückzeiten Äpfel und Birnen | H36: Quelle: DeFAF-KTBL-Handreichung - Verfahren zur Ernte von Bäumen in Agroforstsystemen (https://www.ktbl.de/fileadmin/user_upload/Allgemeines/Download/Agroforst/Ernteverfahren_Agroforst_bf.pdf)
A37: Teleskopstange mit Schüttelhaken: | C37: 50 € Gerätekosten, 20 min / Baum
A38: Rollsammmler: | C38: €28 / Stück
A39: Aufsammeln (manuell oder mit Rollsammler): | C39: 90 - 250 kg / h, Konservativer Wert: 100 kg / h
A40: Obstraupe: | C40: Preis 2.500–3.400 €; Sammelleistung bis 700 kg/ h
A42: Pflückzeiten Zwetschgen
A43: Teleskopstange mit Schüttelhaken: | C43: 50 € Gerätekosten, Schütteln: ~15 min / Baum.
A44: Aufsammeln (manuell oder mit Rollsammler): | C44: ~100 kg / h
A47: Erträge | B47: Jahr 5-10 | C47: Jahr 11-20 | D47: Jahr 21-50 | G47: Erträge | H47: Jahr 5-10 | I47: Jahr 11-20 | J47: Jahr 21-50
A48: 1 Apfel | B48: 20 | C48: 60 | D48: 210 | E48: kg/Baum | G48: 20 Äpfel | H48: =B48*20 -> 400 | I48: =C48*20 -> 1200 | J48: =D48*20 -> 4200 | K48: kg 20 Bäume
A49: 1 Birne | B49: 20 | C49: 60 | D49: 200 | E49: kg/Baum | G49: 18 Birnen | H49: =B49*18 -> 360 | I49: =C49*18 -> 1080 | J49: =D49*18 -> 3600 | K49: kg 18 Bäume
A50: 1 Zwetschge | B50: 10 | C50: 20 | D50: 55 | E50: kg/Baum | G50: 8 Zwetschgen | H50: =B50*8 -> 80 | I50: =C50*8 -> 160 | J50: =D50*8 -> 440 | K50: kg 8 Bäume
A52: Arbeitszeit in min | B52: Schütteln Jahr 5-10 | C52: Schütteln Jahr 11-20 | D52: Schütteln Jahr 21-50 | E52: Aufsammeln Jahr 5-10 | F52: Aufsammeln Jahr 11-20 | G52: Aufsammeln Jahr 21-50 | K52: Arbeitszeit in min | L52: Schütteln Jahr 5-10 | M52: Aufsammeln Jahr 5-10 (manuell oder Rollsammler) | N52: Insg. 3 AK, min pro AK | O52: Schütteln Jahr 11-20 | P52: Aufsammeln Jahr 11-20 (manuell oder Rollsammler) | Q52: Insg. 3 AK, min pro AK | R52: Schütteln Jahr 21-50 | S52: Aufsammeln Jahr 21-50 (Obstraupe/Rollsammler) | T52: Insg. 3 AK, min pro AK
A53: 1 Apfel | B53: 10 | C53: 15 | D53: 20 | E53: =(1/100*B48)*60 -> 12 | F53: =(1/100*C48)*60 -> 36 | G53: =(1/700*D48)*60 -> 18 | H53: min/Baum | K53: für 20 Äpfel | L53: =B53*20 -> 200 | M53: =E53*20 -> 240 | N53: =(SUM(L53:M53))/3 -> 146.66667 | O53: =C53*20 -> 300 | P53: =F53*20 -> 720 | Q53: =(SUM(O53:P53))/3 -> 340 | R53: =D53*20 -> 400 | S53: =G53*20 -> 360 | T53: =(SUM(R53:S53))/3 -> 253.33333
A54: 1 Birne | B54: 10 | C54: 15 | D54: 20 | E54: =(1/100*B49)*60 -> 12 | F54: =(1/100*C49)*60 -> 36 | G54: =(1/700*D49)*60 -> 17.142857 | H54: min/Baum | K54: für 18 Birnen | L54: =B54*18 -> 180 | M54: =E54*18 -> 216 | N54: =(SUM(L54:M54))/3 -> 132 | O54: =C54*18 -> 270 | P54: =F54*18 -> 648 | Q54: =(SUM(O54:P54))/3 -> 306 | R54: =D54*18 -> 360 | S54: =G54*18 -> 308.57143 | T54: =(SUM(R54:S54))/3 -> 222.85714
A55: 1 Zwetschge | B55: 10 | C55: 15 | D55: 20 | E55: =(1/50*B50)*60 -> 12 | F55: =(1/50*C50)*60 -> 24 | G55: =(1/50*D50)*60 -> 66 | H55: min/Baum | K55: für 8 Zwetschgen | L55: =B55*8 -> 80 | M55: =E55*8 -> 96 | N55: =(SUM(L55:M55))/3 -> 58.666667 | O55: =C55*8 -> 120 | P55: =F55*8 -> 192 | Q55: =(SUM(O55:P55))/3 -> 104 | R55: =D55*8 -> 160 | S55: =G55*8 -> 528 | T55: =(SUM(R55:S55))/3 -> 229.33333
A57: Erlöse / kg | B57: Tafelobst in € / kg | C57: Mostobst in € / kg | G57: Erlöse | H57: € Tafelobst (20%) | I57: € Mostobst in (75%) | J57: € Tafelobst (20%) | K57: € Mostobst in (75%) | L57: € Tafelobst (20%) | M57: € Mostobst in (75%) | N57: Annahme: 5% der Ernte nicht verwertbar
A58: Äpfel | B58: 3.25 | C58: 0.17 | H58: Jahr 5-10 | J58: Jahr 11-20 | L58: Jahr 21-50
A59: Birnen | B59: 4.3 | C59: 0.15 | G59: für 20 Äpfel | H59: =B58*H48*0.2 -> 260 | I59: =H48*0.75*C58 -> 51 | J59: =B58*I48*0.2 -> 780 | K59: =C58*I48*0.75 -> 153 | L59: =B58*J48*0.2 -> 2730 | M59: =C58*J48*0.75 -> 535.5
A60: Zwetschgen | B60: 7.24 | C60: 0 | G60: für 18 Birnen | H60: =B59*H49*0.2 -> 309.6 | I60: =H49*0.75*C59 -> 40.5 | J60: =B59*I49*0.2 -> 928.8 | K60: =C59*I49*0.75 -> 121.5 | L60: =B59*J49*0.2 -> 3096 | M60: =C59*J49*0.75 -> 405
G62: Erlöse | H62: € Tafelobst (90%) | J62: € Tafelobst (90%) | L62: € Tafelobst (90%) | N62: Annahme: 10% der Ernte nicht verwertbar
H63: Jahr 5-10 | J63: Jahr 11-20 | L63: Jahr 21-50
G64: für 8 Zwetschgen | H64: =H50*0.9*B60 -> 521.28 | J64: =I50*0.9*B60 -> 1042.56 | L64: =J50*0.9*B60 -> 2867.04

Sheet Futterlauberlös
A1: Futterlauberlöse (Laut Leitfaden wird Futterlaub ab Jahr 5 geerntet)
A2: Gibt es neue Erkenntnisse zu den Futterlauberträgen von Holunder (Sambucus nigra)? Bitte an oekonomie@defaf.de weiterleiten, um die Berechnungen zu aktualisieren.
A4: Baumstreifen: | B4: insg. 574 m Länge, 2 m Breite. Fläche: 1.148 m² = 0,115 ha
A6: Verwendung: | B6: Als Frischfutter im Sommer
A8: Seitentriebe: | B8: Motormanuelle Ernte der einjährigen Triebe
A10: Orientierungswert: | B10: 125 kg Laubreisig entspricht etwa 100 kg mittelgutem Wiesenheu | H10: Quelle: M. Machatschek, Laubgeschichten
A14: Holunder (jährlich)
A15: 1,4 t TM pro ha und Jahr bei einer ungedüngten, dreijährigen Pflanzung als Futterlaub | H15: Quelle: https://revistas.uptc.edu.co/index.php/ciencia_en_desarrollo/article/download/9098/8635/33004
A16: Da Holunder erst nach 6-7 Jahren ausgewachsen ist: ~ 3 t TM pro ha und Jahr ab Jahr 7 (ungedüngt)
A18: Anteil im Baumstreifen: | B18: 40 Pflanzen von insg. 118 Gehölzen = 34%. 34% der Fläche entspricht 0,04 ha
A19: Ertrag: | B19: 120 kg / Jahr auf 0,04 ha (bei 3t TM/ ha & Jahr)
A20: Entspricht: | B20: 96 kg mittelgutem Wiesenheu (s.Machatschek) = 0,96 dt/Jahr
A22: Monetärer Wert extensiver Weide für Milchkühe: 14 € / dt TM & Jahr | H22: Quelle: https://www.lksh.de/fileadmin/PDFs/Landwirtschaft/Markt/Kalk_tier_25_26.pdf
A23: =0.96*14 -> 13.44 | B23: jährlich | C23: 3% jährlicher Preiszuwachs

Sheet Haselnusserlös
A1: Haselnuss (Ernte beginnt nach 3-4 Jahren)
A3: Gibt es neue Informationen zu den durchschnittlichen Erträgen und Erntezeiten oder weitere Updates zur Berechnung? Bitte an oekonomie@defaf.de weiterleiten, um die Berechnungen zu aktualisieren.
A5: Insg. 36 Haselnüsse: | B5: 33 Hallesche Riesennuss und drei Bestäuberpflanzen (2x Katalonski, 1x Tonda di Giffoni)
A7: Erträge Hallesche Riesennuss in kg/Baum | H7: Quelle: M. Penzel & M. Möhler (2022) Ertragsleistung von 14 Haselnussorten über 12 Jahre im Spindelsystem (https://tlllr.thueringen.de/fileadmin/TLLLR/Themen/Gartenbau/Gartenbauliches_Versuchswesen/2022_16567_jfk_penzel_moehler.pdf)
A8: Jahr 3 | B8: 0.03
A9: Jahr 4 | B9: 1.11
A10: Jahr 5 | B10: 0.2
A11: Jahr 6 | B11: 2.66
A12: Jahr 7 | B12: 2.09
A13: Jahr 8 | B13: 2.82
A14: Jahr 9 | B14: 3.62
A15: Jahr 10 | B15: 1.1
A16: Jahr 11 | B16: 4.08
A17: Jahr 12 | B17: 1.75
A19: Ertrag / Baum
A20: =AVERAGE(B12:B17) -> 2.5766667 | B20: mittlerer Ertrag in kg / Baum Jahr 7 - 12 (Vollertragsphase)
A21: =AVERAGE(B8:B11) -> 1 | B21: mittlerer Ertrag in kg / Baum Jahr 3 - 6 (Aufbauphase, mit ansteigenden Erträgen)
A23: Ertrag für 33 Nüsse
A24: =A21*33 -> 33 | B24: jährlicher Gesamtertrag in kg, Jahr 3 - 6
A25: =A20*33 -> 85.03 | B25: jährlicher Gesamtertrag in kg, Gesamtertrag ab Jahr 7
A28: Erlöse (ungeschält, Bio-Qualität) | H28: Quelle: Onlinerecherche 07/2026
A29: 16 | B29: €/kg
A30: =A29*A24 -> 528 | B30: Gesamterlös in € Jahr 3-6
A31: =A29*A25 -> 1360.48 | B31: Gesamterlös in € ab Jahr 7
A33: Ernte: Arbeitszeit in min
A34: Ernte mit Rollblitz Haselnuss | H34: Quelle: Betrieb in Polen
A35: 15 kg / h, da der Untergrund, z.B. durch Mulch, nicht glatt ist
A37: =A24/15*60*1.2 -> 158.4 | B37: min in Jahr 3 - 6; dazu 20% zum Reinigen der Nüsse und zum Transport ins Lager
A38: =A25/15*60*1.2 -> 408.144 | B38: min ab Jahr 7; dazu 20% zum Reinigen der Nüsse und zum Transport ins Lager

Sheet Januar
A1: Januar | B1: 01.01. | C1: 02.01. | D1: 03.01. | E1: 04.01. | F1: 05.01. | G1: 06.01. | H1: 07.01. | I1: 08.01. | J1: 09.01. | K1: 10.01. | L1: 11.01. | M1: 12.01. | N1: 13.01. | O1: 14.01. | P1: 15.01. | Q1: 16.01. | R1: 17.01. | S1: 18.01. | T1: 19.01. | U1: 20.01. | V1: 21.01. | W1: 22.01. | X1: 23.01. | Y1: 24.01. | Z1: 25.01. | AA1: 26.01. | AB1: 27.01. | AC1: 28.01. | AD1: 29.01. | AE1: 30.01. | AF1: 31.01. | AG1: Gesamt
A2: Lebensmittel | AF2: 8 | AG2: Lebensmittel
AG6: =SUM(B2:AF6) -> 8
A7: auswärts essen | AF7: 10 | AG7: auswärts essen
AG10: =SUM(B7:AF10) -> 10
A11: Transport | AF11: 12 | AG11: Transport
AG14: =SUM(B11:AF14) -> 12
A15: Kleidung | AF15: 20 | AG15: Kleidung
AG19: =SUM(B15:AF19) -> 20
A20: Freizeit | AG20: Freizeit
AG24: =SUM(B20:AF24) -> 0
A25: Hygiene/Kosmetik | AG25: Hygiene/Kosmetik
AG29: =SUM(B25:AF29) -> 0
A30: Bildung | AG30: Bildung
AG34: =SUM(B30:AF34) -> 0
A35: ? | AG35: ?
AG37: =SUM(B35:AF37) -> 0
A38: ? | AG38: ?
AG40: =SUM(B38:AF40) -> 0
A41: Sonstiges | AG41: Sonstiges
AG44: =SUM(B41:AF44) -> 0
A45: TOTAL | B45: =SUM(B2:B44) -> 0 | C45: =SUM(C2:C44) -> 0 | D45: =SUM(D2:D44) -> 0 | E45: =SUM(E2:E44) -> 0 | F45: =SUM(F2:F44) -> 0 | G45: =SUM(G2:G44) -> 0 | H45: =SUM(H2:H44) -> 0 | I45: =SUM(I2:I44) -> 0 | ... AF45: =SUM(AF2:AF44) -> 50 | AG45: =SUM(B45:AF45) -> 50

Sheet Februar
A1: Februar | B1: 01.02. | C1: 02.02. | D1: 03.02. | E1: 04.02. | F1: 05.02. | G1: 06.02. | H1: 07.02. | I1: 08.02. | J1: 09.02. | K1: 10.02. | L1: 11.02. | M1: 12.02. | N1: 13.02. | O1: 14.02. | P1: 15.02. | Q1: 16.02. | R1: 17.02. | S1: 18.02. | T1: 19.02. | U1: 20.02. | V1: 21.02. | W1: 22.02. | X1: 23.02. | Y1: 24.02. | Z1: 25.02. | AA1: 26.02. | AB1: 27.02. | AC1: 28.02. | AD1: Gesamt
A2: Lebensmittel | AD2: Lebensmittel
AD6: =SUM(B2:AC6) -> 0
A7: auswärts essen | AD7: auswärts essen
AD10: =SUM(B7:AC10) -> 0
A11: Transport | AD11: Transport
AD14: =SUM(B11:AC14) -> 0
A15: Kleidung | AD15: Kleidung
AD19: =SUM(B15:AC19) -> 0
A20: Freizeit | AD20: Freizeit
AD24: =SUM(B20:AC24) -> 0
A25: Hygiene/Kosmetik | AD25: Hygiene/Kosmetik
AD29: =SUM(B25:AC29) -> 0
A30: Bildung | AD30: Bildung
AD34: =SUM(B30:AC34) -> 0
A35: ? | AD35: ?
AD37: =SUM(B35:AC37) -> 0
A38: ? | AD38: ?
AD40: =SUM(B38:AC40) -> 0
A41: Sonstiges | AD41: Sonstiges
AD44: =SUM(B41:AC44) -> 0
A45: TOTAL | B45: =SUM(B2:B44) -> 0 | C45: =SUM(C2:C44) -> 0 | D45: =SUM(D2:D44) -> 0 | E45: =SUM(E2:E44) -> 0 | F45: =SUM(F2:F44) -> 0 | G45: =SUM(G2:G44) -> 0 | H45: =SUM(H2:H44) -> 0 | I45: =SUM(I2:I44) -> 0 | ... AC45: =SUM(AC2:AC44) -> 0 | AD45: =SUM(B45:AC45) -> 0

Sheet März
A1: März | B1: 01.03. | C1: 02.03. | D1: 03.03. | E1: 04.03. | F1: 05.03. | G1: 06.03. | H1: 07.03. | I1: 08.03. | J1: 09.03. | K1: 10.03. | L1: 11.03. | M1: 12.03. | N1: 13.03. | O1: 14.03. | P1: 15.03. | Q1: 16.03. | R1: 17.03. | S1: 18.03. | T1: 19.03. | U1: 20.03. | V1: 21.03. | W1: 22.03. | X1: 23.03. | Y1: 24.03. | Z1: 25.03. | AA1: 26.03. | AB1: 27.03. | AC1: 28.03. | AD1: 29.03. | AE1: 30.03. | AF1: 31.03. | AG1: Gesamt
A2: Lebensmittel | AG2: Lebensmittel
AG6: =SUM(B2:AF6) -> 0
A7: auswärts essen | AG7: auswärts essen
AG10: =SUM(B7:AF10) -> 0
A11: Transport | AG11: Transport
AG14: =SUM(B11:AF14) -> 0
A15: Kleidung | AG15: Kleidung
AG19: =SUM(B15:AF19) -> 0
A20: Freizeit | AG20: Freizeit
AG24: =SUM(B20:AF24) -> 0
A25: Hygiene/Kosmetik | AG25: Hygiene/Kosmetik
AG29: =SUM(B25:AF29) -> 0
A30: Bildung | AG30: Bildung
AG34: =SUM(B30:AF34) -> 0
A35: ? | AG35: ?
AG37: =SUM(B35:AF37) -> 0
A38: ? | AG38: ?
AG40: =SUM(B38:AF40) -> 0
A41: Sonstiges | AG41: Sonstiges
AG44: =SUM(B41:AF44) -> 0
A45: TOTAL | B45: =SUM(B2:B44) -> 0 | C45: =SUM(C2:C44) -> 0 | D45: =SUM(D2:D44) -> 0 | E45: =SUM(E2:E44) -> 0 | F45: =SUM(F2:F44) -> 0 | G45: =SUM(G2:G44) -> 0 | H45: =SUM(H2:H44) -> 0 | I45: =SUM(I2:I44) -> 0 | ... AF45: =SUM(AF2:AF44) -> 0 | AG45: =SUM(B45:AF45) -> 0

Sheet April
A1: April | B1: 01.04. | C1: 02.04. | D1: 03.04. | E1: 04.04. | F1: 05.04. | G1: 06.04. | H1: 07.04. | I1: 08.04. | J1: 09.04. | K1: 10.04. | L1: 11.04. | M1: 12.04. | N1: 13.04. | O1: 14.04. | P1: 15.04. | Q1: 16.04. | R1: 17.04. | S1: 18.04. | T1: 19.04. | U1: 20.04. | V1: 21.04. | W1: 22.04. | X1: 23.04. | Y1: 24.04. | Z1: 25.04. | AA1: 26.04. | AB1: 27.04. | AC1: 28.04. | AD1: 29.04. | AE1: 30.04. | AF1: Gesamt
A2: Lebensmittel | AF2: Lebensmittel
AF6: =SUM(B2:AE6) -> 0
A7: auswärts essen | AF7: auswärts essen
AF10: =SUM(B7:AE10) -> 0
A11: Transport | AF11: Transport
AF14: =SUM(B11:AE14) -> 0
A15: Kleidung | AF15: Kleidung
AF19: =SUM(B15:AE19) -> 0
A20: Freizeit | AF20: Freizeit
AF24: =SUM(B20:AE24) -> 0
A25: Hygiene/Kosmetik | AF25: Hygiene/Kosmetik
AF29: =SUM(B25:AE29) -> 0
A30: Bildung | AF30: Bildung
AF34: =SUM(B30:AE34) -> 0
A35: ? | AF35: ?
AF37: =SUM(B35:AE37) -> 0
A38: ? | AF38: ?
AF40: =SUM(B38:AE40) -> 0
A41: Sonstiges | AF41: Sonstiges
AF44: =SUM(B41:AE44) -> 0
A45: TOTAL | B45: =SUM(B2:B44) -> 0 | C45: =SUM(C2:C44) -> 0 | D45: =SUM(D2:D44) -> 0 | E45: =SUM(E2:E44) -> 0 | F45: =SUM(F2:F44) -> 0 | G45: =SUM(G2:G44) -> 0 | H45: =SUM(H2:H44) -> 0 | I45: =SUM(I2:I44) -> 0 | ... AE45: =SUM(AE2:AE44) -> 0 | AF45: =SUM(B45:AE45) -> 0

Sheet Mai
A1: Mai | B1: 01.05. | C1: 02.05. | D1: 03.05. | E1: 04.05. | F1: 05.05. | G1: 06.05. | H1: 07.05. | I1: 08.05. | J1: 09.05. | K1: 10.05. | L1: 11.05. | M1: 12.05. | N1: 13.05. | O1: 14.05. | P1: 15.05. | Q1: 16.05. | R1: 17.05. | S1: 18.05. | T1: 19.05. | U1: 20.05. | V1: 21.05. | W1: 22.05. | X1: 23.05. | Y1: 24.05. | Z1: 25.05. | AA1: 26.05. | AB1: 27.05. | AC1: 28.05. | AD1: 29.05. | AE1: 30.05. | AF1: 31.05. | AG1: Gesamt
A2: Lebensmittel | AG2: Lebensmittel
AG6: =SUM(B2:AF6) -> 0
A7: auswärts essen | AG7: auswärts essen
AG10: =SUM(B7:AF10) -> 0
A11: Transport | AG11: Transport
AG14: =SUM(B11:AF14) -> 0
A15: Kleidung | AG15: Kleidung
AG19: =SUM(B15:AF19) -> 0
A20: Freizeit | AG20: Freizeit
AG24: =SUM(B20:AF24) -> 0
A25: Hygiene/Kosmetik | AG25: Hygiene/Kosmetik
AG29: =SUM(B25:AF29) -> 0
A30: Bildung | AG30: Bildung
AG34: =SUM(B30:AF34) -> 0
A35: ? | AG35: ?
AG37: =SUM(B35:AF37) -> 0
A38: ? | AG38: ?
AG40: =SUM(B38:AF40) -> 0
A41: Sonstiges | AG41: Sonstiges
AG44: =SUM(B41:AF44) -> 0
A45: TOTAL | B45: =SUM(B2:B44) -> 0 | C45: =SUM(C2:C44) -> 0 | D45: =SUM(D2:D44) -> 0 | E45: =SUM(E2:E44) -> 0 | F45: =SUM(F2:F44) -> 0 | G45: =SUM(G2:G44) -> 0 | H45: =SUM(H2:H44) -> 0 | I45: =SUM(I2:I44) -> 0 | ... AF45: =SUM(AF2:AF44) -> 0 | AG45: =SUM(B45:AF45) -> 0

Sheet Juni
A1: Juni | B1: 01.06. | C1: 02.06. | D1: 03.06. | E1: 04.06. | F1: 05.06. | G1: 06.06. | H1: 07.06. | I1: 08.06. | J1: 09.06. | K1: 10.06. | L1: 11.06. | M1: 12.06. | N1: 13.06. | O1: 14.06. | P1: 15.06. | Q1: 16.06. | R1: 17.06. | S1: 18.06. | T1: 19.06. | U1: 20.06. | V1: 21.06. | W1: 22.06. | X1: 23.06. | Y1: 24.06. | Z1: 25.06. | AA1: 26.06. | AB1: 27.06. | AC1: 28.06. | AD1: 29.06. | AE1: 30.06. | AF1: Gesamt
A2: Lebensmittel | AF2: Lebensmittel
AF6: =SUM(B2:AE6) -> 0
A7: auswärts essen | AF7: auswärts essen
AF10: =SUM(B7:AE10) -> 0
A11: Transport | AF11: Transport
AF14: =SUM(B11:AE14) -> 0
A15: Kleidung | AF15: Kleidung
AF19: =SUM(B15:AE19) -> 0
A20: Freizeit | AF20: Freizeit
AF24: =SUM(B20:AE24) -> 0
A25: Hygiene/Kosmetik | AF25: Hygiene/Kosmetik
AF29: =SUM(B25:AE29) -> 0
A30: Bildung | AF30: Bildung
AF34: =SUM(B30:AE34) -> 0
A35: ? | AF35: ?
AF37: =SUM(B35:AE37) -> 0
A38: ? | AF38: ?
AF40: =SUM(B38:AE40) -> 0
A41: Sonstiges | AF41: Sonstiges
AF44: =SUM(B41:AE44) -> 0
A45: TOTAL | B45: =SUM(B2:B44) -> 0 | C45: =SUM(C2:C44) -> 0 | D45: =SUM(D2:D44) -> 0 | E45: =SUM(E2:E44) -> 0 | F45: =SUM(F2:F44) -> 0 | G45: =SUM(G2:G44) -> 0 | H45: =SUM(H2:H44) -> 0 | I45: =SUM(I2:I44) -> 0 | ... AE45: =SUM(AE2:AE44) -> 0 | AF45: =SUM(B45:AE45) -> 0

Sheet Juli
A1: Juli | B1: 01.07. | C1: 02.07. | D1: 03.07. | E1: 04.07. | F1: 05.07. | G1: 06.07. | H1: 07.07. | I1: 08.07. | J1: 09.07. | K1: 10.07. | L1: 11.07. | M1: 12.07. | N1: 13.07. | O1: 14.07. | P1: 15.07. | Q1: 16.07. | R1: 17.07. | S1: 18.07. | T1: 19.07. | U1: 20.07. | V1: 21.07. | W1: 22.07. | X1: 23.07. | Y1: 24.07. | Z1: 25.07. | AA1: 26.07. | AB1: 27.07. | AC1: 28.07. | AD1: 29.07. | AE1: 30.07. | AF1: 31.07. | AG1: Gesamt
A2: Lebensmittel | AG2: Lebensmittel
AG6: =SUM(B2:AF6) -> 0
A7: auswärts essen | AG7: auswärts essen
AG10: =SUM(B7:AF10) -> 0
A11: Transport | AG11: Transport
AG14: =SUM(B11:AF14) -> 0
A15: Kleidung | AG15: Kleidung
AG19: =SUM(B15:AF19) -> 0
A20: Freizeit | AG20: Freizeit
AG24: =SUM(B20:AF24) -> 0
A25: Hygiene/Kosmetik | AG25: Hygiene/Kosmetik
AG29: =SUM(B25:AF29) -> 0
A30: Bildung | AG30: Bildung
AG34: =SUM(B30:AF34) -> 0
A35: ? | AG35: ?
AG37: =SUM(B35:AF37) -> 0
A38: ? | AG38: ?
AG40: =SUM(B38:AF40) -> 0
A41: Sonstiges | AG41: Sonstiges
AG44: =SUM(B41:AF44) -> 0
A45: TOTAL | B45: =SUM(B2:B44) -> 0 | C45: =SUM(C2:C44) -> 0 | D45: =SUM(D2:D44) -> 0 | E45: =SUM(E2:E44) -> 0 | F45: =SUM(F2:F44) -> 0 | G45: =SUM(G2:G44) -> 0 | H45: =SUM(H2:H44) -> 0 | I45: =SUM(I2:I44) -> 0 | ... AF45: =SUM(AF2:AF44) -> 0 | AG45: =SUM(B45:AF45) -> 0

Sheet August
A1: August | B1: 01.08. | C1: 02.08. | D1: 03.08. | E1: 04.08. | F1: 05.08. | G1: 06.08. | H1: 07.08. | I1: 08.08. | J1: 09.08. | K1: 10.08. | L1: 11.08. | M1: 12.08. | N1: 13.08. | O1: 14.08. | P1: 15.08. | Q1: 16.08. | R1: 17.08. | S1: 18.08. | T1: 19.08. | U1: 20.08. | V1: 21.08. | W1: 22.08. | X1: 23.08. | Y1: 24.08. | Z1: 25.08. | AA1: 26.08. | AB1: 27.08. | AC1: 28.08. | AD1: 29.08. | AE1: 30.08. | AF1: 31.08. | AG1: Gesamt
A2: Lebensmittel | AG2: Lebensmittel
AG6: =SUM(B2:AF6) -> 0
A7: auswärts essen | AG7: auswärts essen
AG10: =SUM(B7:AF10) -> 0
A11: Transport | AG11: Transport
AG14: =SUM(B11:AF14) -> 0
A15: Kleidung | AG15: Kleidung
AG19: =SUM(B15:AF19) -> 0
A20: Freizeit | AG20: Freizeit
AG24: =SUM(B20:AF24) -> 0
A25: Hygiene/Kosmetik | AG25: Hygiene/Kosmetik
AG29: =SUM(B25:AF29) -> 0
A30: Bildung | AG30: Bildung
AG34: =SUM(B30:AF34) -> 0
A35: ? | AG35: ?
AG37: =SUM(B35:AF37) -> 0
A38: ? | AG38: ?
AG40: =SUM(B38:AF40) -> 0
A41: Sonstiges | AG41: Sonstiges
AG44: =SUM(B41:AF44) -> 0
A45: TOTAL | B45: =SUM(B2:B44) -> 0 | C45: =SUM(C2:C44) -> 0 | D45: =SUM(D2:D44) -> 0 | E45: =SUM(E2:E44) -> 0 | F45: =SUM(F2:F44) -> 0 | G45: =SUM(G2:G44) -> 0 | H45: =SUM(H2:H44) -> 0 | I45: =SUM(I2:I44) -> 0 | ... AF45: =SUM(AF2:AF44) -> 0 | AG45: =SUM(B45:AF45) -> 0

Sheet September
A1: September | B1: 01.09. | C1: 02.09. | D1: 03.09. | E1: 04.09. | F1: 05.09. | G1: 06.09. | H1: 07.09. | I1: 08.09. | J1: 09.09. | K1: 10.09. | L1: 11.09. | M1: 12.09. | N1: 13.09. | O1: 14.09. | P1: 15.09. | Q1: 16.09. | R1: 17.09. | S1: 18.09. | T1: 19.09. | U1: 20.09. | V1: 21.09. | W1: 22.09. | X1: 23.09. | Y1: 24.09. | Z1: 25.09. | AA1: 26.09. | AB1: 27.09. | AC1: 28.09. | AD1: 29.09. | AE1: 30.09. | AF1: Gesamt
A2: Lebensmittel | AF2: Lebensmittel
AF6: =SUM(B2:AE6) -> 0
A7: auswärts essen | AF7: auswärts essen
AF10: =SUM(B7:AE10) -> 0
A11: Transport | AF11: Transport
AF14: =SUM(B11:AE14) -> 0
A15: Kleidung | AF15: Kleidung
AF19: =SUM(B15:AE19) -> 0
A20: Freizeit | AF20: Freizeit
AF24: =SUM(B20:AE24) -> 0
A25: Hygiene/Kosmetik | AF25: Hygiene/Kosmetik
AF29: =SUM(B25:AE29) -> 0
A30: Bildung | AF30: Bildung
AF34: =SUM(B30:AE34) -> 0
A35: ? | AF35: ?
AF37: =SUM(B35:AE37) -> 0
A38: ? | AF38: ?
AF40: =SUM(B38:AE40) -> 0
A41: Sonstiges | AF41: Sonstiges
AF44: =SUM(B41:AE44) -> 0
A45: TOTAL | B45: =SUM(B2:B44) -> 0 | C45: =SUM(C2:C44) -> 0 | D45: =SUM(D2:D44) -> 0 | E45: =SUM(E2:E44) -> 0 | F45: =SUM(F2:F44) -> 0 | G45: =SUM(G2:G44) -> 0 | H45: =SUM(H2:H44) -> 0 | I45: =SUM(I2:I44) -> 0 | ... AE45: =SUM(AE2:AE44) -> 0 | AF45: =SUM(B45:AE45) -> 0

Sheet Oktober
A1: Oktober | B1: 01.10. | C1: 02.10. | D1: 03.10. | E1: 04.10. | F1: 05.10. | G1: 06.10. | H1: 07.10. | I1: 08.10. | J1: 09.10. | K1: 10.10. | L1: 11.10. | M1: 12.10. | N1: 13.10. | O1: 14.10. | P1: 15.10. | Q1: 16.10. | R1: 17.10. | S1: 18.10. | T1: 19.10. | U1: 20.10. | V1: 21.10. | W1: 22.10. | X1: 23.10. | Y1: 24.10. | Z1: 25.10. | AA1: 26.10. | AB1: 27.10. | AC1: 28.10. | AD1: 29.10. | AE1: 30.10. | AF1: 31.10. | AG1: Gesamt
A2: Lebensmittel | AG2: Lebensmittel
AG6: =SUM(B2:AF6) -> 0
A7: auswärts essen | AG7: auswärts essen
AG10: =SUM(B7:AF10) -> 0
A11: Transport | AG11: Transport
AG14: =SUM(B11:AF14) -> 0
A15: Kleidung | AG15: Kleidung
AG19: =SUM(B15:AF19) -> 0
A20: Freizeit | AG20: Freizeit
AG24: =SUM(B20:AF24) -> 0
A25: Hygiene/Kosmetik | AG25: Hygiene/Kosmetik
AG29: =SUM(B25:AF29) -> 0
A30: Bildung | AG30: Bildung
AG34: =SUM(B30:AF34) -> 0
A35: ? | AG35: ?
AG37: =SUM(B35:AF37) -> 0
A38: ? | AG38: ?
AG40: =SUM(B38:AF40) -> 0
A41: Sonstiges | AG41: Sonstiges
AG44: =SUM(B41:AF44) -> 0
A45: TOTAL | B45: =SUM(B2:B44) -> 0 | C45: =SUM(C2:C44) -> 0 | D45: =SUM(D2:D44) -> 0 | E45: =SUM(E2:E44) -> 0 | F45: =SUM(F2:F44) -> 0 | G45: =SUM(G2:G44) -> 0 | H45: =SUM(H2:H44) -> 0 | I45: =SUM(I2:I44) -> 0 | ... AF45: =SUM(AF2:AF44) -> 0 | AG45: =SUM(B45:AF45) -> 0

Sheet November
A1: November | B1: 01.11. | C1: 02.11. | D1: 03.11. | E1: 04.11. | F1: 05.11. | G1: 06.11. | H1: 07.11. | I1: 08.11. | J1: 09.11. | K1: 10.11. | L1: 11.11. | M1: 12.11. | N1: 13.11. | O1: 14.11. | P1: 15.11. | Q1: 16.11. | R1: 17.11. | S1: 18.11. | T1: 19.11. | U1: 20.11. | V1: 21.11. | W1: 22.11. | X1: 23.11. | Y1: 24.11. | Z1: 25.11. | AA1: 26.11. | AB1: 27.11. | AC1: 28.11. | AD1: 29.11. | AE1: 30.11. | AF1: Gesamt
A2: Lebensmittel | AF2: Lebensmittel
AF6: =SUM(B2:AE6) -> 0
A7: auswärts essen | AF7: auswärts essen
AF10: =SUM(B7:AE10) -> 0
A11: Transport | AF11: Transport
AF14: =SUM(B11:AE14) -> 0
A15: Kleidung | AF15: Kleidung
AF19: =SUM(B15:AE19) -> 0
A20: Freizeit | AF20: Freizeit
AF24: =SUM(B20:AE24) -> 0
A25: Hygiene/Kosmetik | AF25: Hygiene/Kosmetik
AF29: =SUM(B25:AE29) -> 0
A30: Bildung | AF30: Bildung
AF34: =SUM(B30:AE34) -> 0
A35: ? | AF35: ?
AF37: =SUM(B35:AE37) -> 0
A38: ? | AF38: ?
AF40: =SUM(B38:AE40) -> 0
A41: Sonstiges | AF41: Sonstiges
AF44: =SUM(B41:AE44) -> 0
A45: TOTAL | B45: =SUM(B2:B44) -> 0 | C45: =SUM(C2:C44) -> 0 | D45: =SUM(D2:D44) -> 0 | E45: =SUM(E2:E44) -> 0 | F45: =SUM(F2:F44) -> 0 | G45: =SUM(G2:G44) -> 0 | H45: =SUM(H2:H44) -> 0 | I45: =SUM(I2:I44) -> 0 | ... AE45: =SUM(AE2:AE44) -> 0 | AF45: =SUM(B45:AE45) -> 0

Sheet Dezember
A1: Dezember | B1: 01.12. | C1: 02.12. | D1: 03.12. | E1: 04.12. | F1: 05.12. | G1: 06.12. | H1: 07.12. | I1: 08.12. | J1: 09.12. | K1: 10.12. | L1: 11.12. | M1: 12.12. | N1: 13.12. | O1: 14.12. | P1: 15.12. | Q1: 16.12. | R1: 17.12. | S1: 18.12. | T1: 19.12. | U1: 20.12. | V1: 21.12. | W1: 22.12. | X1: 23.12. | Y1: 24.12. | Z1: 25.12. | AA1: 26.12. | AB1: 27.12. | AC1: 28.12. | AD1: 29.12. | AE1: 30.12. | AF1: 31.12. | AG1: Gesamt
A2: Lebensmittel | AG2: Lebensmittel
AG6: =SUM(B2:AF6) -> 0
A7: auswärts essen | AG7: auswärts essen
AG10: =SUM(B7:AF10) -> 0
A11: Transport | AG11: Transport
AG14: =SUM(B11:AF14) -> 0
A15: Kleidung | AG15: Kleidung
AG19: =SUM(B15:AF19) -> 0
A20: Freizeit | AG20: Freizeit
AG24: =SUM(B20:AF24) -> 0
A25: Hygiene/Kosmetik | AG25: Hygiene/Kosmetik
AG29: =SUM(B25:AF29) -> 0
A30: Bildung | AG30: Bildung
AG34: =SUM(B30:AF34) -> 0
A35: ? | AG35: ?
AG37: =SUM(B35:AF37) -> 0
A38: ? | AG38: ?
AG40: =SUM(B38:AF40) -> 0
A41: Sonstiges | AG41: Sonstiges
AG44: =SUM(B41:AF44) -> 0
A45: TOTAL | B45: =SUM(B2:B44) -> 0 | C45: =SUM(C2:C44) -> 0 | D45: =SUM(D2:D44) -> 0 | E45: =SUM(E2:E44) -> 0 | F45: =SUM(F2:F44) -> 0 | G45: =SUM(G2:G44) -> 0 | H45: =SUM(H2:H44) -> 0 | I45: =SUM(I2:I44) -> 0 | ... AF45: =SUM(AF2:AF44) -> 0 | AG45: =SUM(B45:AF45) -> 0
